Workbook

Sheet MENU PLANILHA
A1: PRÓ-REITORIA DE ADMINISTRAÇÃO
A2: COORDENAÇÃO DE CONTRATOS
A4: ITEM 2 - Contratação de empresa para prestação de serviços continuados de Apoio Operacional, com regime de dedicação exclusiva de mão de obra, com fornecimento de materiais de reposição e atendimento da Fazenda Escola de Cachoeira de Macacu, da Universidade Federal Fluminense
E15: dos Equipamentos (preenchimento licitante)

Sheet Anexo II-A Dist. Postos
A1: PRÓ-REITORIA DE ADMINISTRAÇÃO
A2: COORDENAÇÃO DE CONTRATOS
A4: Anexo II - A - DISTRIBUIÇÃO DOS POSTOS POR LOCALIDADE
A5: ITEM 2 - Contratação de empresa para prestação de serviços continuados de Apoio Operacional, com regime de dedicação exclusiva de mão de obra, com fornecimento de materiais de reposição e atendimento da Fazenda Escola de Cachoeira de Macacu, da Universidade Federal Fluminense
A7: Custo total da mão de obra (permanente)
A8: ORDEM | B8: DISCRIMINAÇÃO DO POSTO | C8: CBO | D8: QUANT POSTOS | E8: FUNCIONÁRIOS | F8: UNIDADE | G8: MUNICÍPIO
A9: 1 | B9: Auxiliar de Agropecuária - 12 x 36 horas Diurno | C9: 6210-05 | D9: 8 | E9: =D9*2 -> 16 | F9: FAZENDA-ESCOLA | G9: Cachoeira de Macacu
A10: 2 | B10: Auxiliar de agropecuária - 44 horas semanais | C10: 6210-05 | D10: 8 | E10: =D10 -> 8 | F10: FAZENDA-ESCOLA | G10: Cachoeira de Macacu
A11: 3 | B11: Auxiliar de Serviços Gerais 44 horas | C11: 5143-20 | D11: 3 | E11: 3 | F11: FAZENDA-ESCOLA | G11: Cachoeira de Macacu
A12: 4 | B12: Pedreiro - 44 horas semanais | C12: 7152-10 | D12: 3 | E12: =D12 -> 3 | F12: FAZENDA-ESCOLA | G12: Cachoeira de Macacu
A13: 5 | B13: Tratorista - 12 x 36 horas Diurno | C13: 6410-15 | D13: 1 | E13: =D13*2 -> 2 | F13: FAZENDA-ESCOLA | G13: Cachoeira de Macacu
A14: 6 | B14: Cozinheiro - 44 horas semanais | C14: 5132-05 | D14: 2 | E14: =D14 -> 2 | F14: FAZENDA-ESCOLA | G14: Cachoeira de Macacu
A15: 7 | B15: Eletricista - 44 horas semanais | C15: 7321-05 | D15: 2 | E15: =D15 -> 2 | F15: FAZENDA-ESCOLA | G15: Cachoeira de Macacu
A16: 8 | B16: Bombeiro Hidráulico 44 horas semanais | C16: 7241-10 | D16: 1 | E16: =D16 -> 1 | F16: FAZENDA-ESCOLA | G16: Cachoeira de Macacu
A17: 9 | B17: Ajudante (Servente) | C17: 7170-20 | D17: 1 | E17: =D17 -> 1 | F17: FAZENDA-ESCOLA | G17: Cachoeira de Macacu
A18: 10 | B18: Tratorista 44 horas semanais | C18: 6410-15 | D18: 1 | E18: =D18 -> 1 | F18: FAZENDA-ESCOLA | G18: Cachoeira de Macacu
A19: 11 | B19: Encarregado | C19: 9922-05 | D19: 1 | E19: =D19 -> 1 | F19: FAZENDA-ESCOLA | G19: Cachoeira de Macacu
A20: TOTAL | D20: =SUM(D9:D19) -> 31 | E20: =SUM(E9:E19) -> 40

Sheet Anexo II-B Endereço
A1: PRÓ-REITORIA DE ADMINISTRAÇÃO
A2: COORDENAÇÃO DE CONTRATOS
A4: Anexo II - B - ENDEREÇO DAS UNIDADES
A5: ITEM 2 - Contratação de empresa para prestação de serviços continuados de Apoio Operacional, com regime de dedicação exclusiva de mão de obra, com fornecimento de materiais de reposição e atendimento da Fazenda Escola de Cachoeira de Macacu, da Universidade Federal Fluminense
A7: Item | B7: Descrição | C7: Endereço
A8: 1 | B8: Fazenda Escola da Faculdade de Veterinária | C8: Rod. RJ 122, Km 32 - Funchal - Cachoeira de Macacu - RJ

Sheet Anexo II-C Salários
A1: PRÓ-REITORIA DE ADMINISTRAÇÃO
A2: COORDENAÇÃO DE CONTRATOS
A4: Anexo II - C - Composição dos salários
A5: ITEM 2 - Contratação de empresa para prestação de serviços continuados de Apoio Operacional, com regime de dedicação exclusiva de mão de obra, com fornecimento de materiais de reposição e atendimento da Fazenda Escola de Cachoeira de Macacu, da Universidade Federal Fluminense
A7: Item | B7: Descrição/Especificação | C7: Quantidade de Postos | D7: CCT ASSEIO RJ 1171/2024 | E7: vagas.com | F7: salario.com.br | G7: indeed.com | H7: Média dos salários (Proad)
A8: 1 | B8: Auxiliar de Agropecuária - 12 x 36 horas Diurno | C8: 8 | D8: 1836.22 | H8: =D8 -> 1836.22
A9: 2 | B9: Auxiliar de agropecuária - 44 horas semanais | C9: 8 | D9: 1836.22 | H9: =D9 -> 1836.22
A10: 3 | B10: Pedreiro - 44 horas semanais | C10: 3 | D10: 2213.55 | H10: =D10 -> 2213.55
A11: 4 | B11: Tratorista - 12 x 36 horas Diurno | C11: 1 | D11: 2054.1 | H11: =D11 -> 2054.1
A12: 5 | B12: Auxiliar de Serviços Gerais 44 horas | C12: 3 | D12: 1610 | H12: =D12 -> 1610
A13: 6 | B13: Cozinheiro - 44 horas semanais | C13: 2 | D13: 2187.59 | H13: =D13 -> 2187.59
A14: 7 | B14: Eletricista - 44 horas semanais | C14: 2 | D14: 2446.41 | H14: =D14 -> 2446.41
A15: 8 | B15: Bombeiro Hidráulico 44 horas semanais | C15: 1 | E15: 1714 | F15: 2386.79 | G15: 2019 | H15: =AVERAGE(E15:G15) -> 2039.93
A16: 9 | B16: Ajudante (Servente) | C16: 1 | D16: 1610 | H16: =D16 -> 1610
A17: 10 | B17: Tratorista 44 horas semanais | C17: 1 | D17: 2054.1 | H17: 2054.1
A18: 11 | B18: Encarregado 44 horas semanais | C18: 1 | D18: 2010.66 | H18: =D18 -> 2010.66
A19: TOTAL | C19: =SUM(C8:C18) -> 31

Sheet Anexo III-A Equip.
A1: PRÓ-REITORIA DE ADMINISTRAÇÃO
A2: COORDENAÇÃO DE CONTRATOS
A4: Anexo III - A - PLANILHA DE COMPOSIÇÃO DE CUSTOS E FORMAÇÃO DE PREÇOS (Anexo VII da I.N. da SLTI/MPOG n.º 5 de 26/Maio/2017
A5: ITEM 2 - Contratação de empresa para prestação de serviços continuados de Apoio Operacional, com regime de dedicação exclusiva de mão de obra, com fornecimento de materiais de reposição e atendimento da Fazenda Escola de Cachoeira de Macacu, da Universidade Federal Fluminense
A7: Disponibilização de Equipamentos para os postos de Auxiliar de Agropecuária
A8: Item | B8: Descrição | D8: Qnt | E8: Valor unitário | F8: Valor Total | G8: Depreciação | H8: Observação
A9: 1 | B9: ROÇADEIRA MANUAL, TIPO MOTOR GASOLINA, POTÊNCIA MOTOR 1,7 KW, TIPO CORTADOR FIO NÁILON E/OU LÂMINA AÇO, ROTAÇÃO 12.300 RPM, PESO APROXIMADO 7,30 KG, CARACTERÍSTICAS ADICIONAIS LATERAL, APLICAÇÃO CORTE GRAMA, CAPIM, PASTO, ARBUSTO, CAPOEIRAS E P E, TIPO COSTAL | D9: 4 | E9: 774 | F9: =E9*D9 -> 3096 | G9: 60 meses
A10: 2 | B10: MotoPoda Stihl HT 75 ou similar | D10: 4 | E10: 2145.34 | F10: =E10*D10 -> 8581.36 | G10: 60 meses
A11: 6 | B11: CARRINHO DE MÃO CAÇAMBA QUADRADA METÁLICA REFORÇADA, 65 LITROS, com um ótimo acabamento, direcionado para uso geral, principalmente para construção civil, caçamba quadrada metálica reforçada de 0,9mm (chapa 20), com capacidade para 65 litros, braço metálico tubular de 1,5mm, pneu com câmara. | D11: 4 | E11: 151.19 | F11: =E11*D11 -> 604.76 | G11: 60 meses
A12: Total dos equipamentos sem depreciação | F12: =SUM(F9:F11) -> 12282.12
A13: Depreciação dos equipamentos - 60 meses | F13: =F12/60 -> 204.702
A14: Total dos equipamentos por mês | F14: =F13 -> 204.702
A15: Custo por posto = Soma da depreciação por 24 Auxiliar Agropecuário | F15: =F14/24 -> 8.52925
A16: Depreciação com base na INSTRUÇÃO NORMATIVA RFB Nº 1700, DE 14 DE MARÇO DE 2017 da Secretaria da Receita Federal do Brasil
A18: Disponibilização de Equipamentos para o posto de Cozinheira
A19: Item | B19: Descrição | D19: Qnt | E19: Valor unitário | F19: Valor Total | G19: Depreciação | H19: Observação
A20: 1 | B20: Relógio de ponto eletrônico com Reconhecimento Facial e Biométrico (muitos profissionais não possuem digital reconhecida em virtude do seu labor) | D20: 1 | E20: 1678.1 | F20: 1475 | G20: 60 meses | H20: Cachoeira Macacu
A21: Total dos equipamentos sem depreciação | F21: =SUM(F20:F20) -> 1475
A22: Depreciação dos equipamentos - 60 meses | F22: =F21/60 -> 24.583333
A23: Total dos equipamentos por mês | F23: =F22 -> 24.583333
A24: Custo por posto = Soma da depreciação por 2 posto | F24: =F23/2 -> 12.291667
A25: Depreciação com base na INSTRUÇÃO NORMATIVA RFB Nº 1700, DE 14 DE MARÇO DE 2017 da Secretaria da Receita Federal do Brasil
A27: Disponibilização de Equipamentos para o posto de Eletricista
A28: Item | B28: Descrição | D28: Qnt | E28: Valor unitário | F28: Valor Total | G28: Depreciação | H28: Observação
A29: 1 | B29: Escada Articulada de Alumínio 16 degraus, altura acima de 4 metros, capacidade até 150 kilos | D29: 1 | E29: 605.13 | F29: =E29 -> 605.13 | G29: 60 meses | H29: Cachoeira Macacu
A30: Total dos equipamentos sem depreciação | F30: =SUM(F29:F29) -> 605.13
A31: Depreciação dos equipamentos - 60 meses | F31: =F30/60 -> 10.0855
A32: Total dos equipamentos por mês | F32: =F31 -> 10.0855
A33: Custo por posto = Soma da depreciação por 1 posto | F33: =F32/1 -> 10.0855
A34: Depreciação com base na INSTRUÇÃO NORMATIVA RFB Nº 1700, DE 14 DE MARÇO DE 2017 da Secretaria da Receita Federal do Brasil

Sheet Anexo III-B Uniformes
A1: PRÓ-REITORIA DE ADMINISTRAÇÃO
A2: COORDENAÇÃO DE CONTRATOS
A4: Anexo III - B - PLANILHA DE COMPOSIÇÃO DE CUSTOS E FORMAÇÃO DE PREÇOS
A5: ITEM 2 - Contratação de empresa para prestação de serviços continuados de Apoio Operacional, com regime de dedicação exclusiva de mão de obra, com fornecimento de materiais de reposição e atendimento da Fazenda Escola de Cachoeira de Macacu, da Universidade Federal Fluminense
A8: COMPOSIÇÃO DE CUSTO DE UNIFORME PARA O CARGO DE COZINHEIRO
A9: ITEM | B9: DISCRIMINAÇÃO UNIFORME | C9: UNID. | D9: QT. INICIAL | E9: QT. SEMESTRE | F9: QUANT. ANUAL POR FUNCIONÁRIO | G9: VALOR UNITÁRIO | H9: VALOR TOTAL
A10: 1 | B10: Calça de brim com cordão e elástico na cor branca | C10: peça | D10: 2 | E10: 2 | F10: =SUM(D10:E10) -> 4 | G10: 49.9 | H10: =G10*F10 -> 199.6
A11: 2 | B11: Camisa de brim sem botões e sem bolsos na cor branca | C11: peça | D11: 2 | E11: 2 | F11: =SUM(D11:E11) -> 4 | G11: 40.14 | H11: =G11*F11 -> 160.56
A12: 3 | B12: Avental térmico comprido com amarras na cintura e pescoço | C12: und | D12: 2 | E12: 2 | F12: =SUM(D12:E12) -> 4 | G12: 10.53 | H12: =G12*F12 -> 42.12
A13: 4 | B13: CALCADO DE SEGURANCA - MODELO: SAPATO, FECHADO NO DORSO E NO CALCANHAR; TAMANHO: SOB MEDIDA; CABEDAL: EVA; BIQUEIRA: SEM BIQUEIRA; SOLA: BORRACHA SINTETICA ANTIDERRAPANTE; CADARCO: SEM CADARCO; COR: BRANCA; ENTRESSOLA: SINTETICA; FORRO: SINTETICO; ALMA: SINTETICA; PALMILHA: EVA, FORRADA EM TECIDO, LAVAVEL, ANTIBACTERIANA; GRAVACAO: COM GRAVACAO; CERTIFICADO APROVACAO- CA: SIM; | C13: und | D13: 2 | E13: 1 | F13: =SUM(D13:E13) -> 3 | G13: 75.02 | H13: =G13*F13 -> 225.06
A14: 5 | B14: Meia Vestuário,, Material: Algodão, Poliamida E Elastano, Tipo: Social, Cor: Variada, Tamanho: Sob Medida | C14: peça | D14: 6 | E14: 6 | F14: =SUM(D14:E14) -> 12 | G14: 3.3 | H14: =G14*F14 -> 39.6
A15: 6 | B15: Luva térmica para proteção de altas temperaturas em cozinha industrial (confeccionada com reforço em couro na palma e polegar, forro interno com fibras naturais e espuma na palma e dorso) | C15: und | D15: 2 | E15: 1 | F15: =SUM(D15:E15) -> 3 | G15: 80 | H15: =G15*F15 -> 240
A16: 7 | B16: Máscara Aplicação: Em Cirurgias, Cor: Branca, Tipo: Antialérgico, Características Adicionais: Gramatura 30 G/M², Tripla Camada De Filtragem, Tipo Uso: Descartável/Único, Tipo Fixação: Elástico, Formato: Retangular, | C16: UNID. | D16: 200 | E16: 100 | F16: =SUM(D16:E16) -> 300 | G16: 3.6 | H16: =G16*F16 -> 1080
A17: 8 | B17: Crachá com cordão e fototransparente. | C17: und | D17: 1 | E17: 0 | F17: =SUM(D17:E17) -> 1 | G17: 2.24 | H17: =G17*F17 -> 2.24
A18: 9 | B18: Óculos proteção, material armação: pvc flexível e macio, tipo proteção: total e articular, tipo lente: redonda, cor lente: incolor, material lente: policarbonato | C18: und | D18: 2 | E18: 1 | F18: =SUM(D18:E18) -> 3 | G18: 4.71 | H18: =G18*F18 -> 14.13
A19: 10 | B19: Touca Material: Tnt , Aplicação: Cozinha Industrial , Cor: Branca , Tipo: Descartável , Características Adicionais: Tamanho Único Com Elástico. | C19: Pcte 100 unid | D19: 3 | E19: 3 | F19: =SUM(D19:E19) -> 6 | G19: 8.64 | H19: =G19*F19 -> 51.84
A20: Valor anual por funcionário | H20: =SUM(H10:H19) -> 2055.15
A21: Valor mensal por funcionário | H21: =H20/12 -> 171.2625
A24: COMPOSIÇÃO DE CUSTO DE UNIFORME E EPIS PARA O CARGO DE TRABALHADOR RURAL, TRATORISTA, SERVENTE
A25: ITEM | B25: DISCRIMINAÇÃO UNIFORME | C25: ITEM | D25: QUANT.INICIAL | E25: QT. SEMESTRE | F25: QUANT. ANUAL | G25: VALOR UNITÁRIO | H25: VALOR TOTAL
A26: 1 | B26: Calça comprida com elástico e cordão, de tecido em brim profissional e resistente 100% algodão, na cor azul escuro (base 518 da Santista). | C26: peça | D26: 3 | E26: 2 | F26: =D26+E26 -> 5 | G26: 49.9 | H26: =G26*F26 -> 249.5
A27: 2 | B27: Camisa de manga comprida com proteção UV, classificação FPU 50. | C27: unid. | D27: 4 | E27: 2 | F27: =D27+E27 -> 6 | G27: 46.06 | H27: =G27*F27 -> 276.36
A28: 3 | B28: Camisa azul-claro, com gola em V e manga curta. Malha mercerizada, 100% algodão com emblema da empresa fixado no bolso | C28: peça | D28: 4 | E28: 4 | F28: =D28+E28 -> 8 | G28: 32 | H28: =G28*F28 -> 256
A29: 4 | B29: Meia Vestuário,, Material: Algodão, Poliamida E Elastano, Tipo: Social, Cor: Variada, Tamanho: Sob Medida | C29: par | D29: 6 | E29: 6 | F29: =D29+E29 -> 12 | G29: 3.3 | H29: =G29*F29 -> 39.6
A30: 5 | B30: Botina de segurança com elástico coberto, cabedal confeccionado em couro curtido ao cromo, com forração em sintético, palmilha de montagem em sintético fixada pelo processo strobel, solado de PU, Bi densidade, bicolor (chumbo / preto) injetado diretamente ao cabedal. Marca Marluvas ou similar. | C30: peça | D30: 2 | E30: 1 | F30: =D30+E30 -> 3 | G30: 75.02 | H30: =G30*F30 -> 225.06
A31: 6 | B31: Luva de raspa cano curto reforçada, com tira de reforçao externo em raspa entre os dedos polegar e indicador, com reforço interno na palma e face palmar dos dedos, punho de 7 cm, marca Hércules ou similar. | C31: par | D31: 3 | E31: 3 | F31: =D31+E31 -> 6 | G31: 13.49 | H31: =G31*F31 -> 80.94
A32: 7 | B32: Óculos de segurança com visor, apoio nasal e proteção lateral injetados em uma mesma peça. Visor e hastes em policarbonato incolor; Visor com tratamento anti embaçante. Modelo Virtura marca 3M ou similar. | C32: unid. | D32: 2 | E32: 2 | F32: =D32+E32 -> 4 | G32: 4.71 | H32: =G32*F32 -> 18.84
A33: 8 | B33: Protetor auditivo tipo concha, abafador 3M CA: 29176. 20 dB | C33: unid. | D33: 2 | E33: 2 | F33: =D33+E33 -> 4 | G33: 44.44 | H33: =G33*F33 -> 177.76
A34: 9 | B34: Perneira de segurança confeccionada em duas camadas de material sintético, três talas em pvc frontais fixadas por solda eletrônica, fechamento nas bordas através de viés com costuras e solda eletrônica | C34: par | D34: 1 | E34: 1 | F34: =D34+E34 -> 2 | G34: 31.36 | H34: =G34*F34 -> 62.72
A35: 10 | B35: Avental de raspa largura: 70 cm. altura 90 cm | C35: unid. | D35: 1 | E35: 1 | F35: =D35+E35 -> 2 | G35: 35.45 | H35: =G35*F35 -> 70.9
A36: 11 | B36: Crachá com cordão e fototransparente. | C36: unid. | D36: 1 | E36: 0 | F36: =D36+E36 -> 1 | G36: 2.24 | H36: =G36*F36 -> 2.24
A37: 12 | B37: Bota Segurança Material: Pvc - Cloreto De Polivinila , Tipo Cano: Médio , Material Sola: Antiderrapante , Cor: Branca , Características Adicionais: Forrada Em Náilon | C37: par | D37: 2 | E37: 1 | F37: =D37+E37 -> 3 | G37: 33.99 | H37: =G37*F37 -> 101.97
A38: 13 | B38: Capa de chuva plástica, com faixas fluorescentes, material pvc, uso profissional. | C38: peça | D38: 1 | E38: 1 | F38: 2 | G38: 17.55 | H38: =G38*F38 -> 35.1
B39: Valor anual por funcionário | H39: =SUM(H26:H38) -> 1596.99
B40: Valor mensal por funcionário | H40: =H39/12 -> 133.0825
A43: COMPOSIÇÃO DE CUSTO DE UNIFORME E EPIS PARA O CARGO DE PEDREIRO, ELETRICISTA, BOMBEIRO
A44: ITEM | B44: DISCRIMINAÇÃO UNIFORME | C44: ITEM | D44: QUANT.INICIAL | E44: QT. SEMESTRE | F44: QUANT. ANUAL | G44: VALOR UNITÁRIO | H44: VALOR TOTAL
A45: 1 | B45: Calça comprida com elástico e cordão, de tecido em brim profissional e resistente 100% algodão, na cor azul escuro (base 518 da Santista). | C45: peça | D45: 3 | E45: 2 | F45: =D45+E45 -> 5 | G45: 49.9 | H45: =G45*F45 -> 249.5
A46: 2 | B46: Camisa de manga comprida com proteção UV, classificação FPU 50. | C46: unid. | D46: 4 | E46: 2 | F46: =D46+E46 -> 6 | G46: 46.06 | H46: =G46*F46 -> 276.36
A47: 3 | B47: Camiseta, material 100% algodão, tipo manga curta, gola redonda, identificada com logomarca da empresa os dizeres A SERVIÇO DA UFF | C47: peça | D47: 4 | E47: 4 | F47: =D47+E47 -> 8 | G47: 32 | H47: =G47*F47 -> 256
A48: 4 | B48: Meia Vestuário,, Material: Algodão, Poliamida E Elastano, Tipo: Social, Cor: Variada, Tamanho: Sob Medida | C48: par | D48: 6 | E48: 6 | F48: =D48+E48 -> 12 | G48: 3.3 | H48: =G48*F48 -> 39.6
A49: 5 | B49: Capa de chuva plástica, com faixas fluorescentes, material pvc, uso profissional. | C49: peça | D49: 1 | E49: 1 | F49: =D49+E49 -> 2 | G49: 17.55 | H49: =G49*F49 -> 35.1
A50: 6 | B50: Jaleco profissional em brim leve, manga curta, fechamento com botões, com um bolso frontal, gola esporte e com logomarca da empresa. | C50: par | D50: 1 | E50: 1 | F50: =D50+E50 -> 2 | G50: 74.49 | H50: =G50*F50 -> 148.98
A51: 7 | B51: Botina de segurança com elástico coberto, cabedal confeccionado em couro curtido ao cromo, com forração em sintético, solado de PU, Bi densidade, injetado diretamente ao cabedal. Marca Marluvas ou similar. (PAR) | C51: unid. | D51: 2 | E51: 1 | F51: =D51+E51 -> 3 | G51: 75.02 | H51: =G51*F51 -> 225.06
A52: 8 | B52: Capacete de segurança classe B, com jugular (UN) | C52: par | D52: 1 | E52: 1 | F52: =D52+E52 -> 2 | G52: 22.8 | H52: =G52*F52 -> 45.6
A53: 9 | B53: Luva de algodão tricotada pigmentada (PAR) | C53: par | D53: 2 | E53: 2 | F53: =D53+E53 -> 4 | G53: 25.81 | H53: =G53*F53 -> 103.24
A54: 10 | B54: Perneiras em raspa de couro, fechamento por fivela (par) | C54: par | D54: 1 | E54: 1 | F54: =D54+E54 -> 2 | G54: 31.36 | H54: =G54*F54 -> 62.72
A55: 11 | B55: Protetor auricular tipo concha com haste atrás da nuca | C55: unid. | D55: 1 | E55: 1 | F55: =D55+E55 -> 2 | G55: 44.44 | H55: =G55*F55 -> 88.88
A56: 12 | B56: Crachá com cordão e fototransparente. | C56: unid. | D56: 1 | E56: 0 | F56: =D56+E56 -> 1 | G56: 2.24 | H56: =G56*F56 -> 2.24
... A58: 14 | B58: Avental de raspa (UN) | C58: unid. | D58: 1 | E58: 1 | F58: =D58+E58 -> 2 | G58: 35.45 | H58: =G58*F58 -> 70.9
B59: Valor anual por funcionário | H59: =SUM(H45:H58) -> 1979.58
B60: Valor mensal por funcionário | H60: =H59/12 -> 164.965
A62: ITEM | B62: DISCRIMINAÇÃO UNIFORME | C62: QUANT. | D62: UNIDADE | E62: CONJUNTO DE UNIFORME | F62: CUSTO CADERNO LOGÍSTICA
A63: 1 | B63: Servente de Limpeza de Área Comum
A64: 1.1 | B64: Calça comprida com elástico e cordão, de tecido em brim profissional e resistente, para proteção das pernas contra umidade proveniente de operações com uso de água. | C64: 4 | D64: unid. | E64: Cada conjunto é composto por 1 Calça, 2 Camisas, 3 meias, 1 Botina, 1 Luva de Segurança e 10 Máscaras faciais | F64: 0.0145
A65: 1.2 | B65: Camisa de mangas curtas, de mesma cor da calça, de tecido/polo de 1ª qualidade 100% algodão, com o devido emblema/logotipo da empresa que seja visível; | C65: 8 | D65: unid.
A66: 1.3 | B66: Meia em algodão, tipo soquete. | C66: 12 | D66: par
A67: 1.4 | B67: Botina cano curto, de borracha, preta, com elástico, palmilha Antimicróbiana, com biqueira de PVC, com solado PU (Poliuretano) monodensidade, resistente à abrasão, com ergonomia confortável (par), para proteção contra impactos de quedas de objetos sobre os artelhos e umidade. Obrigatório conter Certificado de Aprovação (CA). | C67: 4 | D67: par
A68: 1.5 | B68: Luva de segurança, em composto de látex natural, com forro de algodão, Palma antiderrapante com alta resistência, para limpeza de banheiros, com resistência química e mecânica, tamanho 30 cm. Obrigatório possuir Certificado de Aprovação (C.A). | C68: 4 | D68: par
A69: 1.6 | B69: Mascara facial, descartável, tipo semi facial concha, dobrável, PFF1, feito em malha filtrante, com dois elásticos de ajuste para a cabeça. Possui clipe metálico na ponte nasal, sem valvula de exalação.Tamanho único, para proteção das vias respiratórias contra poeiras, névoas e respingo de líquidos de sanitários. Obrigatório possuir Certificado de Aprovação (C.A). | C69: 40 | D69: unid.
A71: Obs: Quantidade estimada por ano, sendo 3 (três) conjuntos na admissão e mais 1 (um) conjunto a cada 6 (seis) meses, conforme Cláusula 31ª da CCT 2021/2022.
A73: O Caderno de Logísticas do Ministério do Planejamento Orçamento e Gestão, define a porcentagem de custos de Uniformes, com base no posto a ser contratado, mantendo o percentual de 1,45% de Servente, 1,27% Servente de Fachada, 1,23% para os Encarregados, e 1,15% para os Encarregados de Fachada utilizando Base de Cálculo Módulos 1, 2, 3 e 4 da Planilha de Composição de Custos.
A76: O Caderno de Logística pode ser acessado pelo link <https://www.comprasgovernamentais.gov.br/images/conteudo/ArquivosCGNOR/Cadernostecnicos/Cadernos2019/CT_LIM_RJ_2019.pdf>
A79: COMPOSIÇÃO DE CUSTO DE UNIFORME E EPIS PARA O CARGO DE ENCARREGADO
A80: ITEM | B80: DISCRIMINAÇÃO UNIFORME | C80: ITEM | D80: QUANT.INICIAL | E80: QT. SEMESTRE | F80: QUANT. ANUAL | G80: VALOR UNITÁRIO | H80: VALOR TOTAL
A81: 1 | B81: Calça comprida jeans. | C81: peça | D81: 3 | E81: 2 | F81: =D81+E81 -> 5 | G81: 49.9 | H81: =G81*F81 -> 249.5
A82: 3 | B82: Camiseta, material 100% algodão, tipo manga curta, gola redonda, identificada com logomarca da empresa os dizeres A SERVIÇO DA UFF | C82: peça | D82: 4 | E82: 4 | F82: =D82+E82 -> 8 | G82: 32 | H82: =G82*F82 -> 256
A83: 4 | B83: Meia Vestuário,, Material: Algodão, Poliamida E Elastano, Tipo: Social, Cor: Variada, Tamanho: Sob Medida | C83: par | D83: 6 | E83: 6 | F83: =D83+E83 -> 12 | G83: 3.3 | H83: =G83*F83 -> 39.6
A84: 7 | B84: Botina de segurança com elástico coberto, cabedal confeccionado em couro curtido ao cromo, com forração em sintético, solado de PU, Bi densidade, injetado diretamente ao cabedal. Marca Marluvas ou similar. (PAR) | C84: unid. | D84: 2 | E84: 1 | F84: =D84+E84 -> 3 | G84: 75.02 | H84: =G84*F84 -> 225.06
A85: 12 | B85: Crachá com cordão e fototransparente. | C85: unid. | D85: 1 | E85: 0 | F85: =D85+E85 -> 1 | G85: 2.24 | H85: =G85*F85 -> 2.24
B86: Valor anual por funcionário | H86: =SUM(H81:H85) -> 772.4
B87: Valor mensal por funcionário | H87: =H86/12 -> 64.366667

Sheet Anexo III-C Materiais
A1: PRÓ-REITORIA DE ADMINISTRAÇÃO
A2: COORDENAÇÃO DE CONTRATOS
A4: Anexo III - C - PLANILHA DE COMPOSIÇÃO DE CUSTOS E FORMAÇÃO DE PREÇOS
A5: ITEM 2 - Contratação de empresa para prestação de serviços continuados de Apoio Operacional, com regime de dedicação exclusiva de mão de obra, com fornecimento de materiais de reposição e atendimento da Fazenda Escola de Cachoeira de Macacu, da Universidade Federal Fluminense
A9: COMPOSIÇÃO DE CUSTO DE MATERIAIS PARA O POSTO DE AUX. AGROP. 44 horas
A10: ITEM | B10: DISCRIMINAÇÃO UNIFORME | C10: ITEM | D10: QUANT.INICIAL | E10: QT. SEMESTRE | F10: QUANT. ANUAL | G10: VALOR UNITÁRIO | H10: VALOR TOTAL
A11: 1 | B11: Tesoura de cortar grama | C11: unid. | D11: 4 | E11: 0 | F11: =D11+E11 -> 4 | G11: 37.5 | H11: =G11*F11 -> 150
A12: 3 | B12: Sacho com cabo | C12: unid. | D12: 4 | E12: 0 | F12: =D12+E12 -> 4 | G12: 33.66 | H12: =G12*F12 -> 134.64
A13: 4 | B13: Picareta no. 4 com cabo de madeira 90 cmcom | C13: unid. | D13: 2 | E13: 0 | F13: =D13+E13 -> 2 | G13: 61.79 | H13: =G13*F13 -> 123.58
A14: 5 | B14: Vassoura de piaçava com cabo | C14: unid. | D14: 10 | E14: 10 | F14: =D14+E14 -> 20 | G14: 13.16 | H14: =G14*F14 -> 263.2
A15: 6 | B15: vassoura de grama metalica, regulável, 14 dentes | C15: unid. | D15: 4 | E15: 0 | F15: =D15+E15 -> 4 | G15: 22.25 | H15: =G15*F15 -> 89
A16: 7 | B16: Nylon Roçadeira (Rolos = 100 metros). | C16: Rolo | D16: 4 | E16: 0 | F16: =D16+E16 -> 4 | G16: 102.3 | H16: =G16*F16 -> 409.2
A17: 8 | B17: CAVADEIRA ARTICULADA COM CABO DE MADEIRA 180CM | C17: unid. | D17: 4 | E17: 0 | F17: =D17+E17 -> 4 | G17: 55.95 | H17: =G17*F17 -> 223.8
A18: 9 | B18: CAVADEIRA SIMPLES, CABO DE FERRO | C18: unid. | D18: 4 | E18: 0 | F18: =D18+E18 -> 4 | G18: 40.45 | H18: =G18*F18 -> 161.8
A19: 10 | B19: FACÃO PARA MATO 18" LÂMINA DE AÇO CARBONO | C19: unid. | D19: 4 | E19: 0 | F19: =D19+E19 -> 4 | G19: 22.4 | H19: =G19*F19 -> 89.6
A20: 11 | B20: FOICE ROÇADEIRA, COM CABO DE MADEIRA 150 CM | C20: unid. | D20: 4 | E20: 0 | F20: =D20+E20 -> 4 | G20: 34.15 | H20: =G20*F20 -> 136.6
A21: 12 | B21: PÁ QUADRADA METÁLICA COM CABO DE MADEIRA | C21: unid. | D21: 4 | E21: 0 | F21: =D21+E21 -> 4 | G21: 29.45 | H21: =G21*F21 -> 117.8
A22: 13 | B22: Enxada Material: Aço Carbono , Largura: 18 CM, Material Cabo: Madeira | C22: unid. | D22: 4 | E22: 0 | F22: =D22+E22 -> 4 | G22: 36.16 | H22: =G22*F22 -> 144.64
... A24: 15 | B24: ancinho-cultivador 3 dentes | C24: unid. | D24: 1 | E24: 1 | F24: =D24+E24 -> 2 | G24: 21.58 | H24: =G24*F24 -> 43.16
B25: Valor anual por funcionário | H25: =SUM(H11:H24) -> 2116.26
B26: Valor mensal por funcionário | H26: =H25/12 -> 176.355
A28: INSUMOS DIVERSOS (SUGESTÃO MENSAL)
A29: ESTIMATIVA DE CUSTO DE MATERIAL DE LIMPEZA
A30: Postos de Auxiliar de Serviços Gerais
A31: ITEM | B31: MATERIAL DE CONSUMO | C31: UNIDADE | D31: QUANTIDADE | E31: CUSTO CONFORME CADERNO DE LOGÍSTICA
A32: 1 | B32: Álcool 70 % desinfetante de superfícies - litro | C32: litro | D32: 5 | E32: Custo aplicado aos postos de Serventes e Serventes de Laboratório, sendo 12% sobre os Módulos 1, 2, 3 e Sub-Módulo 5.1. Após o resultado foi retirado 9,25% de Cofins, evitando bitributação.
A33: 2 | B33: ÁLCOOL ETÍLICO Gel antisséptico Tipo hidratado, concentração 70º GL, aplicação limpeza a seco e desinfecção das mãos e braços. Com registro no órgão competente. | C33: litro | D33: 2
A34: 3 | B34: Cera líquida incolor polimérica resistente a alto tráfego - litro | C34: litro | D34: 2
A35: 4 | B35: Creolina - latas de 1 litro | C35: lata | D35: 1
A36: 5 | B36: Desengraxante liquido para limpeza pesada - litro | C36: litro | D36: 1
A37: 6 | B37: Desinfetante saneante líquido, com ação germicida e bactericida para lavagem de superfícies - litro | C37: litro | D37: 5
A38: 7 | B38: Detergente líquido MULTIUSO - litros | C38: litro | D38: 5
A39: 8 | B39: Detergente líquido neutro, com ação germicida e bactericida para lavagem de superfície - litro | C39: litro | D39: 5
A40: 9 | B40: Fibras de limpeza - branca - unidade | C40: unid. | D40: 10
A41: 10 | B41: Fibras de limpeza - verde - unidade | C41: unid. | D41: 10
A42: 11 | B42: Flanela na cor branca, para limpeza de mobiliário das áreas administrativas | C42: unid. | D42: 10
A43: 12 | B43: Hipoclorito de Sódio a 1%, com Registro do Ministério da Saúde e Laudo de Controle de Qualidade do teor de cloro do Lote - litro | C43: litro | D43: 10
A44: 13 | B44: HIPOCLORITO DE SÓDIO liquido, concentração a 2%, sem adição de corantes e fragrância. Com registro do Ministério da Saúde. | C44: litro | D44: 3
... A95: 64 | B95: Vassoura vasculho teto | C95: unid. | D95: 3
A97: Observações
A98: (1) A quantidade de material é meramente estimativa e sugestiva, podendo haver variações no quantitativo e no descritivo a ser consumido. É obrigação da Contratada o fornecimento dos mesmos para completa execução dos serviços de limpeza, podendo ser de acordo com a tecnologia e treinamentos utilizados pela mesma.
A99: (2) O Caderno de Logísticas do Ministério do Planejamento Orçamento e Gestão, define a porcentagem de custos de Materiais e Equipamentos, com base no posto de servente, mantendo o percentual de 12%, utilizando Base de Cálculo Módulo 1, Módulo 2, Módulo 3 e SubMódolo 5.1., menos 9,25% incidente do COFINS, evitando assim bitributação da Planilha de Composição de Custos.
A101: O Caderno de Logística pode ser acessado pelo link <https://www.comprasgovernamentais.gov.br/images/conteudo/ArquivosCGNOR/Cadernostecnicos/Cadernos2019/CT_LIM_RJ_2019.pdf>

Sheet An IV A Custo G1
A1: PRÓ-REITORIA DE ADMINISTRAÇÃO
A2: COORDENAÇÃO DE CONTRATOS
A4: Anexo IV-A - FORMAÇÃO CUSTOS POSTOS DO GRUPO 1
A5: ITEM 1 - Contratação de empresa para prestação de serviços continuados de Apoio Operacional, com regime de dedicação exclusiva de mão de obra, com fornecimento de materiais de reposição e atendimento da Fazenda Escola de Cachoeira de Macacu, da Universidade Federal Fluminense
A6: MÃO-DE-OBRA VINCULADA À EXECUÇÃO CONTRATUAL
A7: Dados para composição dos custos referentes a mão de obra
A8: Regime tributário da Licitante | C8: Documento Comprobatório *Anexar Comprovante
A11: ACT/CCT/DCT inclusive aditivos se houver
A12: Entidade Sindical da Empresa
A13: Entidade Sindical dos Empregados
A14: Número de Registro
A15: Início Vigência
A16: Fim Vigência
A18: Descrição Cargos
A19: Dias/Mês | B19: Posto | C19: CBO | D19: Salário
A20: 15.21 | B20: Auxiliar de Agropecuária - 12 x 36 horas Diurno | C20: 6210-05 | D20: ='Anexo II-C Salários'!H8 -> 1836.22
A21: 20.88 | B21: Auxiliar de Agropecuária - 44 horas Diurno | C21: 6210-05 | D21: ='Anexo II-C Salários'!H9 -> 1836.22
A22: 20.88 | B22: Pedreiro - 44 horas semanais | C22: 7152-10 | D22: ='Anexo II-C Salários'!H10 -> 2213.55
A23: 15.21 | B23: Tratorista - 12 X 36 horas Diurno | C23: 6410-15 | D23: ='Anexo II-C Salários'!H11 -> 2054.1
A24: 20.88 | B24: Auxiliar de Serviços Gerais (Servente de Limpeza)- 44 horas semanais | C24: 6410-10 | D24: ='Anexo II-C Salários'!H12 -> 1610
A26: MÓDULO 1 : COMPOSIÇÃO DA REMUNERAÇÃO | D26: Aux. Agro 12x36 | E26: Aux. Agro 44 | F26: Pedreiro | G26: Tratorista | H26: ASG
A27: 1 | B27: Composição da Remuneração | D27: Valor(R$) | E27: Valor(R$) | F27: Valor(R$) | G27: Valor(R$) | H27: Valor(R$)
A28: A | B28: Salário Base | D28: =D20 -> 1836.22 | E28: =D21 -> 1836.22 | F28: =D22 -> 2213.55 | G28: =D23 -> 2054.1 | H28: =D24 -> 1610
A29: B | B29: Adicional de Periculosidade (Conforme CCT 30%) | G29: =30%*G28 -> 616.23
A30: C | B30: Adicional de Insalubridade (20% Grau médio NR 15) Só será efetivamente pago, após validação do Laudo pela Contratada | D30: =20%*D28 -> 367.244 | E30: =20%*E28 -> 367.244 | H30: =20%*H28 -> 322
A31: D | B31: Adicional Noturno
A32: E | B32: Adicional de Hora Noturna Reduzida
A33: F | B33: Adicional de Insalubridade (40% Grau máximo) - Só será efetivamente pago, após validação do Laudo pela Contratada
B34: Total de Remuneração | D34: =SUM(D28:D33) -> 2203.464 | E34: =SUM(E28:E33) -> 2203.464 | F34: =SUM(F28:F33) -> 2213.55 | G34: =SUM(G28:G33) -> 2670.33 | H34: =SUM(H28:H33) -> 1932
A36: MÓDULO 2: ENCARGOS E BENEFÍCIOS ANUAIS, MENSAIS E DIÁRIOS | D36: Aux. Agro 12x36 | E36: Aux. Agro 44 | F36: Pedreiro | G36: Tratorista | H36: ASG
A37: Submódulo 2.1 - 13º (décimo terceiro) Salário, Férias e Adicional de Férias | D37: Valor(R$) | E37: Valor(R$) | F37: Valor(R$) | G37: Valor(R$) | H37: Valor(R$)
A38: A | B38: 13º (décimo terceiro) Salário | D38: =D34*8.33% -> 183.54855 | E38: =E34*8.33% -> 183.54855 | F38: =F34*8.33% -> 184.38871 | G38: =G34*8.33% -> 222.43849 | H38: =H34*8.33% -> 160.9356
A39: B | B39: Férias e Adicional de Férias | D39: =D34*12.1% -> 266.61914 | E39: =E34*12.1% -> 266.61914 | F39: =F34*12.1% -> 267.83955 | G39: =G34*12.1% -> 323.10993 | H39: =H34*12.1% -> 233.772
B40: Total | D40: =SUM(D38:D39) -> 450.1677 | E40: =SUM(E38:E39) -> 450.1677 | F40: =SUM(F38:F39) -> 452.22827 | G40: =SUM(G38:G39) -> 545.54842 | H40: =SUM(H38:H39) -> 394.7076
A41: C | B41: Incidência do Submódulo 2.2 - Encargos previdenciários (GPS), FGTS e outras contribuições (Cálculo sobre a remuneração, pois será adotada a Conta Vinculada) | D41: =D34*7.82% -> 172.31088 | E41: =E34*7.82% -> 172.31088 | F41: =F34*7.82% -> 173.09961 | G41: =G34*7.82% -> 208.81981 | H41: =H34*7.82% -> 151.0824
A43: Submódulo 2.2 - Encargos Previdenciários (GPS), Fundo de Garantia por Tempo de Serviço (FGTS) e outras contribuições | D43: Aux. Agro 12x36 | E43: Aux. Agro 44 | F43: Pedreiro | G43: Tratorista | H43: ASG
A44: 2.2 | B44: GPS, FGTS e outras contribuições | C44: % | D44: Valor(R$) | E44: Valor(R$) | F44: Valor(R$) | G44: Valor(R$) | H44: Valor(R$)
A45: A | B45: INSS | C45: 20 | D45: =(D34*($C$45/100)) -> 440.6928 | E45: =(E34*($C$45/100)) -> 440.6928 | F45: =(F34*($C$45/100)) -> 442.71 | G45: =(G34*($C$45/100)) -> 534.066 | H45: =(H34*($C$45/100)) -> 386.4
A46: B | B46: Salário Educação | C46: 2.5 | D46: =(D34*($C$46/100)) -> 55.0866 | E46: =(E34*($C$46/100)) -> 55.0866 | F46: =(F34*($C$46/100)) -> 55.33875 | G46: =(G34*($C$46/100)) -> 66.75825 | H46: =(H34*($C$46/100)) -> 48.3
A47: C | B47: Seguro acidente do trabalho | C47: 6 | D47: =(D$34*($C$47/100)) -> 132.20784 | E47: =(E$34*($C$47/100)) -> 132.20784 | F47: =(F$34*($C$47/100)) -> 132.813 | G47: =(G$34*($C$47/100)) -> 160.2198 | H47: =(H$34*($C$47/100)) -> 115.92
A48: D | B48: SESI ou SESC | C48: 1.5 | D48: =(D$34*($C$48/100)) -> 33.05196 | E48: =(E$34*($C$48/100)) -> 33.05196 | F48: =(F$34*($C$48/100)) -> 33.20325 | G48: =(G$34*($C$48/100)) -> 40.05495 | H48: =(H$34*($C$48/100)) -> 28.98
A49: E | B49: SENAI ou SENAC | C49: 1 | D49: =(D$34*($C$49/100)) -> 22.03464 | E49: =(E$34*($C$49/100)) -> 22.03464 | F49: =(F$34*($C$49/100)) -> 22.1355 | G49: =(G$34*($C$49/100)) -> 26.7033 | H49: =(H$34*($C$49/100)) -> 19.32
A50: F | B50: SEBRAE | C50: 0.6 | D50: =(D$34*($C$50/100)) -> 13.220784 | E50: =(E$34*($C$50/100)) -> 13.220784 | F50: =(F$34*($C$50/100)) -> 13.2813 | G50: =(G$34*($C$50/100)) -> 16.02198 | H50: =(H$34*($C$50/100)) -> 11.592
A51: G | B51: INCRA | C51: 0.2 | D51: =(D$34*($C$51/100)) -> 4.406928 | E51: =(E$34*($C$51/100)) -> 4.406928 | F51: =(F$34*($C$51/100)) -> 4.4271 | G51: =(G$34*($C$51/100)) -> 5.34066 | H51: =(H$34*($C$51/100)) -> 3.864
A52: H | B52: FGTS | C52: 8 | D52: =(D$34*($C$52/100)) -> 176.27712 | E52: =(E$34*($C$52/100)) -> 176.27712 | F52: =(F$34*($C$52/100)) -> 177.084 | G52: =(G$34*($C$52/100)) -> 213.6264 | H52: =(H$34*($C$52/100)) -> 154.56
B53: TOTAL | C53: =SUM(C45:C52) -> 39.8 | D53: =SUM(D45:D52) -> 876.97867 | E53: =SUM(E45:E52) -> 876.97867 | F53: =SUM(F45:F52) -> 880.9929 | G53: =SUM(G45:G52) -> 1062.7913 | H53: =SUM(H45:H52) -> 768.936
B54: Itens não aplicáveis a Optantes do SIMPLES
A56: Submódulo 2.3 - Benefícios Mensais e Diários | D56: Aux. Agro 12x36 | E56: Aux. Agro 44 | F56: Pedreiro | G56: Tratorista | H56: ASG
A57: 2.3 | B57: Benefícios Mensais e Diários | D57: Valor(R$) | E57: Valor(R$) | F57: Valor(R$) | G57: Valor(R$) | H57: Valor(R$)
A58: A | B58: Transporte -Cláusula 23ª da CCT - considerando 2 passagens/dia | D58: =(4.45*2*A20)-(6%*D20) -> 25.1958 | E58: =(4.45*2*A21)-(6%*D21) -> 75.6588 | F58: =(4.45*2*A22)-(6%*D22) -> 53.019 | G58: =(4.45*2*A23)-(6%*D23) -> 12.123 | H58: =(4.45*2*A24)-(6%*D24) -> 89.232
A59: B | B59: Ticket Alimentação - Cláusula 22ª da CCT | D59: =(23.5*$A$20)-(23.5*$A$20*10%) -> 321.6915 | E59: =(23.5*20.88)-(23.5*20.88*10%) -> 441.612 | F59: =(23.5*20.88)-(23.5*20.88*10%) -> 441.612 | G59: =(23.5*20.88)-(23.5*20.88*10%) -> 441.612 | H59: =(23.5*20.88)-(23.5*20.88*10%) -> 441.612
A60: C | B60: Benefício Assistencial | D60: 0 | E60: =E54 -> 0 | F60: =F54 -> 0 | G60: =G54 -> 0 | H60: =H54 -> 0
A61: D | B61: Outros (Social Familiar) - Cláusula 28ª da CCT | D61: 20.15 | E61: 20.15 | F61: 20.15 | G61: 20.15 | H61: 20.15
B62: Total de Benefícios Mensais e Diários | D62: =SUM(D58:D61) -> 367.0373 | E62: =SUM(E58:E61) -> 537.4208 | F62: =SUM(F58:F61) -> 514.781 | G62: =SUM(G58:G61) -> 473.885 | H62: =SUM(H58:H61) -> 550.994
A64: Quadro-Resumo do Módulo 2 - Encargos e Benefícios anuais, mensais e diários | D64: Aux. Agro 12x36 | E64: Aux. Agro 44 | F64: Pedreiro | G64: Tratorista | H64: ASG
A65: 2 | B65: Encargos e Benefícios Anuais, Mensais e Diários | D65: Valor (R$) | E65: Valor (R$) | F65: Valor (R$) | G65: Valor (R$) | H65: Valor (R$)
A66: 2.1 | B66: 13º (décimo terceiro) Salário, Férias e Adicional de Férias | D66: =D40 -> 450.1677 | E66: =E40 -> 450.1677 | F66: =F40 -> 452.22827 | G66: =G40 -> 545.54842 | H66: =H40 -> 394.7076
A67: 2.2 | B67: GPS, FGTS e outras contribuições | D67: =D53+D41 -> 1049.2896 | E67: =E53+E41 -> 1049.2896 | F67: =F53+F41 -> 1054.0925 | G67: =G53+G41 -> 1271.6111 | H67: =H53+H41 -> 920.0184
A68: 2.3 | B68: Benefícios Mensais e Diários | D68: =D62 -> 367.0373 | E68: =E62 -> 537.4208 | F68: =F62 -> 514.781 | G68: =G62 -> 473.885 | H68: =H62 -> 550.994
B69: Total | D69: =SUM(D66:D68) -> 1866.4946 | E69: =SUM(E66:E68) -> 2036.8781 | F69: =SUM(F66:F68) -> 2021.1018 | G69: =SUM(G66:G68) -> 2291.0446 | H69: =SUM(H66:H68) -> 1865.72
A71: MÓDULO 3: PROVISÃO PARA RESCISÃO | D71: Aux. Agro 12x36 | E71: Aux. Agro 44 | F71: Pedreiro | G71: Tratorista | H71: ASG
A72: 3 | B72: Provisão para Rescisão | D72: Valor(R$) | E72: Valor(R$) | F72: Valor(R$) | G72: Valor(R$) | H72: Valor(R$)
A73: A | B73: Aviso prévio indenizado | D73: =((D34+D38+D39)/12)*5% -> 11.056799 | E73: =((E34+E38+E39)/12)*5% -> 11.056799 | F73: =((F34+F38+F39)/12)*5% -> 11.107409 | G73: =((G34+G38+G39)/12)*5% -> 13.399493 | H73: =((H34+H38+H39)/12)*5% -> 9.694615
A74: B | B74: Incidência do FGTS sobre o Aviso Prévio Indenizado | D74: =((D34+D38)/12)*5%*8% -> 0.79567085 | E74: =((E34+E38)/12)*5%*8% -> 0.79567085 | F74: =((F34+F38)/12)*5%*8% -> 0.7993129 | G74: =((G34+G38)/12)*5%*8% -> 0.96425616 | H74: =((H34+H38)/12)*5%*8% -> 0.6976452
A75: C | B75: Multa do FGTS e contribuição social sobre o aviso prévio indenizado | D75: 0 | E75: 0 | F75: 0 | G75: 0 | H75: 0
A76: D | B76: Aviso prévio trabalhado | D76: =(((D34+D60)/30/12)*7) -> 42.845133 | E76: =(((E34+E60)/30/12)*7) -> 42.845133 | F76: =(((F34+F60)/30/12)*7) -> 43.04125 | G76: =(((G34+G60)/30/12)*7) -> 51.923083 | H76: =(((H34+H60)/30/12)*7) -> 37.566667
A77: E | B77: Incidência de GPS, FGTS e outras contribuições sobre o aviso prévio trabalhado | D77: =(D34/30/12*7)*8% -> 3.4276107 | E77: =(E34/30/12*7)*8% -> 3.4276107 | F77: =(F34/30/12*7)*8% -> 3.4433 | G77: =(G34/30/12*7)*8% -> 4.1538467 | H77: =(H34/30/12*7)*8% -> 3.0053333
A78: F | B78: Multa do FGTS e contribuição social sobre o aviso prévio trabalhado | D78: =D34*4% -> 88.13856 | E78: =E34*4% -> 88.13856 | F78: =F34*4% -> 88.542 | G78: =G34*4% -> 106.8132 | H78: =H34*4% -> 77.28
B79: TOTAL | D79: =SUM(D73:D78) -> 146.26377 | E79: =SUM(E73:E78) -> 146.26377 | F79: =SUM(F73:F78) -> 146.93327 | G79: =SUM(G73:G78) -> 177.25388 | H79: =SUM(H73:H78) -> 128.24426
A81: MÓDULO 4: CUSTO DE REPOSIÇÃO DO PROFISSIONAL AUSENTE | D81: Aux. Agro 12x36 | E81: Aux. Agro 44 | F81: Pedreiro | G81: Tratorista | H81: ASG
A82: 4.1 | B82: Submódulo 4.1. Ausências legais | D82: Valor(R$) | E82: Valor(R$) | F82: Valor(R$) | G82: Valor(R$) | H82: Valor(R$)
A83: A | B83: Substituto na cobertura de férias | D83: 0 | E83: 0 | F83: 0 | G83: 0 | H83: 0
A84: B | B84: Substituto na cobertura de Ausências legais | D84: =(((D34+D69+D79+D87+D108)-(D58-D59-D105-D106))/30*2.96)/12 -> 38.425423 | E84: =(((E34+E69+E79+E87+E108)-(E58-E59-E105-E106))/30*2.96)/12 -> 43.297509 | F84: =(((F34+F69+F79+F87+F108)-(F58-F59-F105-F106))/30*2.96)/12 -> 40.664598 | G84: =(((G34+G69+G79+G87+G108)-(G58-G59-G105-G106))/30*2.96)/12 -> 46.981191 | H84: =(((H34+H69+H79+H87+H108)-(H58-H59-H105-H106))/30*2.96)/12 -> 43.254355
A85: C | B85: Substituto na cobertura de Licença paternidade | D85: =(((D34+D69+D79+D87+D108)-(D58-D59-D105-D106))/30*5*1.5%)/12 -> 0.97361714 | E85: =(((E34+E69+E79+E87+E108)-(E58-E59-E105-E106))/30*5*1.5%)/12 -> 1.0970653 | F85: =(((F34+F69+F79+F87+F108)-(F58-F59-F105-F106))/30*5*1.5%)/12 -> 1.030353 | G85: =(((G34+G69+G79+G87+G108)-(G58-G59-G105-G106))/30*5*1.5%)/12 -> 1.1904018 | H85: =(((H34+H69+H79+H87+H108)-(H58-H59-H105-H106))/30*5*1.5%)/12 -> 1.0959718
A86: D | B86: Substituto na cobertura de Ausência por Acidente de trabalho | D86: =(((D34+D69+D79+D87+D108)-(D58-D59-D105-D106))/30*15*0.78%)/12 -> 1.5188427 | E86: =(((E34+E69+E79+E87+E108)-(E58-E59-E105-E106))/30*15*0.78%)/12 -> 1.7114218 | F86: =(((F34+F69+F79+F87+F108)-(F58-F59-F105-F106))/30*15*0.78%)/12 -> 1.6073507 | G86: =(((G34+G69+G79+G87+G108)-(G58-G59-G105-G106))/30*15*0.78%)/12 -> 1.8570268 | H86: =(((H34+H69+H79+H87+H108)-(H58-H59-H105-H106))/30*15*0.78%)/12 -> 1.7097161
A87: E | B87: Substituto na cobertura de Afastamento Maternidade | D87: =(((D39*3.95/12)+(D60*3.95*1.02%))/12+((D34+D38)*39.8%*3.95)*1.02%/12) -> 10.50324 | E87: =(((E39*3.95/12)+(E60*3.95*1.02%))/12+((E34+E38)*39.8%*3.95)*1.02%/12) -> 10.50324 | F87: =(((F39*3.95/12)+(F60*3.95*1.02%))/12+((F34+F38)*39.8%*3.95)*1.02%/12) -> 10.551317 | G87: =(((G39*3.95/12)+(G60*3.95*1.02%))/12+((G34+G38)*39.8%*3.95)*1.02%/12) -> 12.728648 | H87: =(((H39*3.95/12)+(H60*3.95*1.02%))/12+((H34+H38)*39.8%*3.95)*1.02%/12) -> 9.2092543
A88: F | B88: Substituto na cobertura de outras ausências (especificar) | D88: 0 | E88: 0 | F88: 0 | G88: 0 | H88: 0
B89: TOTAL | D89: =SUM(D83:D88) -> 51.421123 | E89: =SUM(E83:E88) -> 56.609236 | F89: =SUM(F83:F88) -> 53.853619 | G89: =SUM(G83:G88) -> 62.757267 | H89: =SUM(H83:H88) -> 55.269297
A91: Submódulo 4.2 - Intrajornada | D91: Aux. Agro 12x36 | E91: Aux. Agro 44 | F91: Pedreiro | G91: Tratorista | H91: ASG
A92: 4.2 | B92: Intrajornada | D92: Valor(R$) | E92: Valor(R$) | F92: Valor(R$) | G92: Valor(R$) | H92: Valor(R$)
A93: A | B93: Intervalo para repouso ou alimentação | D93: 0 | E93: 0 | F93: 0 | G93: 0 | H93: 0
B94: TOTAL | D94: 0 | E94: 0 | F94: 0 | G94: 0 | H94: 0
A96: Quadro-Resumo do Módulo 4 - Custo de Reposição do Profissional Ausente | D96: Aux. Agro 12x36 | E96: Aux. Agro 44 | F96: Pedreiro | G96: Tratorista | H96: ASG
A97: 4 | B97: Custo de reposição | D97: Valor (R$) | E97: Valor (R$) | F97: Valor (R$) | G97: Valor (R$) | H97: Valor (R$)
A98: 4.1 | B98: Ausências legais | D98: =D89 -> 51.421123 | E98: =E89 -> 56.609236 | F98: =F89 -> 53.853619 | G98: =G89 -> 62.757267 | H98: =H89 -> 55.269297
A99: 4.2 | B99: Intrajornada | D99: 0 | E99: 0 | F99: 0 | G99: 0 | H99: 0
B100: Total | D100: =SUM(D98:D99) -> 51.421123 | E100: =SUM(E98:E99) -> 56.609236 | F100: =SUM(F98:F99) -> 53.853619 | G100: =SUM(G98:G99) -> 62.757267 | H100: =SUM(H98:H99) -> 55.269297
A102: MÓDULO 5: INSUMOS DIVERSOS | D102: Aux. Agro 12x36 | E102: Aux. Agro 44 | F102: Pedreiro | G102: Tratorista | H102: ASG
A103: 5 | B103: Insumos Diversos | D103: Valor(R$) | E103: Valor(R$) | F103: Valor(R$) | G103: Valor(R$) | H103: Valor(R$)
A104: A | B104: Uniformes E EPIS | D104: ='Anexo III-B Uniformes'!H40 -> 133.0825 | E104: ='Anexo III-B Uniformes'!H40 -> 133.0825 | F104: ='Anexo III-B Uniformes'!H60 -> 164.965 | G104: ='Anexo III-B Uniformes'!H40 -> 133.0825 | H104: =1.45%*SUM(H124:H127) -> 57.727887
A105: B | B105: Materiais | E105: ='Anexo III-C Materiais'!H26 -> 176.355 | H105: {=12%*SUM(H124:H127+H104)-9.45%*(12%*SUM(H124:H127+H104))} -> 457.69169
A106: C | B106: Equipamentos | D106: ='Anexo III-A Equip.'!F15 -> 8.52925 | E106: ='Anexo III-A Equip.'!F15 -> 8.52925
A107: D | B107: Outros
B108: Total de Insumos Diversos | D108: =SUM(D104:D107) -> 141.61175 | E108: =SUM(E104:E107) -> 317.96675 | F108: =SUM(F104:F107) -> 164.965 | G108: =SUM(G104:G107) -> 133.0825 | H108: =SUM(H104:H107) -> 515.41957
A110: MÓDULO 6: CUSTOS INDIRETOS, TRIBUTOS E LUCRO – (LUCRO PRESUMIDO) | D110: Aux. Agro 12x36 | E110: Aux. Agro 44 | F110: Pedreiro | G110: Tratorista | H110: ASG
A111: 6 | B111: Custos Indiretos, Tributos e Lucro | C111: % | D111: Valor(R$) | E111: Valor(R$) | F111: Valor(R$) | G111: Valor(R$) | H111: Valor(R$)
A112: A | B112: Custos Indiretos | C112: 4.8 | D112: =(D129)*$C$112/100 -> 211.64425 | E112: =(E129)*$C$112/100 -> 228.53673 | F112: =(F129)*$C$112/100 -> 220.81938 | G112: =(G129)*$C$112/100 -> 256.05447 | H112: =(H129)*$C$112/100 -> 215.83935
A113: B | B113: Lucro | C113: 3.92 | D113: =(D129+D112)*$C$113/100 -> 181.13926 | E113: =(E129+E112)*$C$113/100 -> 195.59697 | F113: =(F129+F112)*$C$113/100 -> 188.99194 | G113: =(G129+G112)*$C$113/100 -> 219.14849 | H113: =(H129+H112)*$C$113/100 -> 184.72971
A114: C | B114: Tributos
B115: C.1) Tributos Federais (PIS = 0,65% e COFINS = 3%) | C115: =3+0.65 -> 3.65 | D115: =((D129+D112+D113)/(1-($C$115+$C$117)/100))*$C$115/100 -> 191.87128 | E115: =((E129+E112+E113)/(1-($C$115+$C$117)/100))*$C$115/100 -> 207.18557 | F115: =((F129+F112+F113)/(1-($C$115+$C$117)/100))*$C$115/100 -> 200.18921 | G115: =((G129+G112+G113)/(1-($C$115+$C$117)/100))*$C$115/100 -> 232.13246 | H115: =((H129+H112+H113)/(1-($C$115+$C$117)/100))*$C$115/100 -> 195.67445
...

Sheet An IV B Custo G2
A1: PRÓ-REITORIA DE ADMINISTRAÇÃO
A2: COORDENAÇÃO DE CONTRATOS
A4: Anexo IV-B - FORMAÇÃO CUSTOS POSTOS GRUPO 2
A5: ITEM 1 - Contratação de empresa para prestação de serviços continuados de Apoio Operacional, com regime de dedicação exclusiva de mão de obra, com fornecimento de materiais de reposição e atendimento da Fazenda Escola de Cachoeira de Macacu, da Universidade Federal Fluminense
A6: MÃO-DE-OBRA VINCULADA À EXECUÇÃO CONTRATUAL
A7: Dados para composição dos custos referentes a mão de obra
A8: Regime tributário da Licitante | C8: Documento Comprobatório *Anexar Comprovante
A11: ACT/CCT/DCT inclusive aditivos se houver
A12: Entidade Sindical da Empresa
A13: Entidade Sindical dos Empregados
A14: Número de Registro
A15: Início Vigência
A16: Fim Vigência
A18: Descrição Cargos
A19: Dias/Mês | B19: Posto | C19: CBO | D19: Salário
A20: 20.88 | B20: Cozinheiro - 44 horas semanais | C20: 5132-05 | D20: ='Anexo II-C Salários'!H13 -> 2187.59
A21: 20.88 | B21: Eletricista 44 horas semanais | C21: 9922-25 | D21: ='Anexo II-C Salários'!H14 -> 2446.41
A22: 20.88 | B22: Bombeiro Hidráulico 44 horas semanais | C22: 9922-25 | D22: ='Anexo II-C Salários'!H15 -> 2039.93
A23: 20.88 | B23: Ajudante 44 horas semanais | C23: 6410-10 | D23: ='Anexo II-C Salários'!H16 -> 1610
A24: 20.88 | B24: Tratorista 44 horas semanais | C24: 6410-15 | D24: ='Anexo II-C Salários'!H17 -> 2054.1
A25: 20.88 | B25: Encarregado 44 horas semanais | C25: 9922-05 | D25: ='Anexo II-C Salários'!H18 -> 2010.66
A27: MÓDULO 1 : COMPOSIÇÃO DA REMUNERAÇÃO | D27: Cozinheiro | E27: Eletricista | F27: Bombeiro | G27: Ajudante | H27: Tratorista 44 | I27: Encarregado
A28: 1 | B28: Composição da Remuneração | D28: Valor(R$) | E28: Valor(R$) | F28: Valor(R$) | G28: Valor(R$) | H28: Valor(R$) | I28: Valor(R$)
A29: A | B29: Salário Base | D29: =D20 -> 2187.59 | E29: =D21 -> 2446.41 | F29: =D22 -> 2039.93 | G29: =D23 -> 1610 | H29: =D24 -> 2054.1 | I29: =D25 -> 2010.66
A30: B | B30: Adicional de Periculosidade (Conforme CCT 30%) | E30: =30%*D21 -> 733.923 | H30: =30%*H29 -> 616.23
A31: C | B31: Adicional de Insalubridade (20% Grau médio NR 15)
A32: D | B32: Adicional Noturno
A33: E | B33: Adicional de Hora Noturna Reduzida
A34: F | B34: Gratificação Liderança (15% ou 30%)
B35: Total de Remuneração | D35: =SUM(D29:D34) -> 2187.59 | E35: =SUM(E29:E34) -> 3180.333 | F35: =SUM(F29:F34) -> 2039.93 | G35: =SUM(G29:G34) -> 1610 | H35: =SUM(H29:H34) -> 2670.33 | I35: =SUM(I29:I34) -> 2010.66
A37: MÓDULO 2: ENCARGOS E BENEFÍCIOS ANUAIS, MENSAIS E DIÁRIOS | D37: Cozinheiro | E37: Eletricista | F37: Bombeiro | G37: Ajudante | H37: Tratorista 44 | I37: Encarregado
A38: Submódulo 2.1 - 13º (décimo terceiro) Salário, Férias e Adicional de Férias | D38: Valor(R$) | E38: Valor(R$) | F38: Valor(R$) | G38: Valor(R$) | H38: Valor(R$) | I38: Valor(R$)
A39: A | B39: 13º (décimo terceiro) Salário | D39: =D35*8.33% -> 182.22625 | E39: =E35*8.33% -> 264.92174 | F39: =F35*8.33% -> 169.92617 | G39: =G35*8.33% -> 134.113 | H39: =H35*8.33% -> 222.43849 | I39: =I35*8.33% -> 167.48798
A40: B | B40: Férias e Adicional de Férias | D40: =D35*12.1% -> 264.69839 | E40: =E35*12.1% -> 384.82029 | F40: =F35*12.1% -> 246.83153 | G40: =G35*12.1% -> 194.81 | H40: =H35*12.1% -> 323.10993 | I40: =I35*12.1% -> 243.28986
B41: Total | D41: =SUM(D39:D40) -> 446.92464 | E41: =SUM(E39:E40) -> 649.74203 | F41: =SUM(F39:F40) -> 416.7577 | G41: =SUM(G39:G40) -> 328.923 | H41: =SUM(H39:H40) -> 545.54842 | I41: =SUM(I39:I40) -> 410.77784
A42: C | B42: Incidência do Submódulo 2.2 - Encargos previdenciários (GPS), FGTS e outras contribuições (Cálculo sobre a remuneração, pois será adotada a Conta Vinculada) | D42: =D35*7.82% -> 171.06954 | E42: =E35*7.82% -> 248.70204 | F42: =F35*7.82% -> 159.52253 | G42: =G35*7.82% -> 125.902 | H42: =H35*7.82% -> 208.81981 | I42: =I35*7.82% -> 157.23361
A44: Submódulo 2.2 - Encargos Previdenciários (GPS), Fundo de Garantia por Tempo de Serviço (FGTS) e outras contribuições | D44: Cozinheiro | E44: Eletricista | F44: Bombeiro | G44: Ajudante | H44: Tratorista 44 | I44: Encarregado
A45: 2.2 | B45: GPS, FGTS e outras contribuições | C45: % | D45: Valor(R$) | E45: Valor(R$) | F45: Valor(R$) | G45: Valor(R$) | H45: Valor(R$) | I45: Valor(R$)
A46: A | B46: INSS | C46: 20 | D46: =(D35*($C$46/100)) -> 437.518 | E46: =(E35*($C$46/100)) -> 636.0666 | F46: =(F35*($C$46/100)) -> 407.986 | G46: =(G35*($C$46/100)) -> 322 | H46: =(H35*($C$46/100)) -> 534.066 | I46: =(I35*($C$46/100)) -> 402.132
A47: B | B47: Salário Educação | C47: 2.5 | D47: =(D35*($C$47/100)) -> 54.68975 | E47: =(E35*($C$47/100)) -> 79.508325 | F47: =(F35*($C$47/100)) -> 50.99825 | G47: =(G35*($C$47/100)) -> 40.25 | H47: =(H35*($C$47/100)) -> 66.75825 | I47: =(I35*($C$47/100)) -> 50.2665
A48: C | B48: Seguro acidente do trabalho | C48: 6 | D48: =(D$35*($C$48/100)) -> 131.2554 | E48: =(E$35*($C$48/100)) -> 190.81998 | F48: =(F$35*($C$48/100)) -> 122.3958 | G48: =(G$35*($C$48/100)) -> 96.6 | H48: =(H$35*($C$48/100)) -> 160.2198 | I48: =(I$35*($C$48/100)) -> 120.6396
A49: D | B49: SESI ou SESC | C49: 1.5 | D49: =(D$35*($C$49/100)) -> 32.81385 | E49: =(E$35*($C$49/100)) -> 47.704995 | F49: =(F$35*($C$49/100)) -> 30.59895 | G49: =(G$35*($C$49/100)) -> 24.15 | H49: =(H$35*($C$49/100)) -> 40.05495 | I49: =(I$35*($C$49/100)) -> 30.1599
A50: E | B50: SENAI ou SENAC | C50: 1 | D50: =(D$35*($C$50/100)) -> 21.8759 | E50: =(E$35*($C$50/100)) -> 31.80333 | F50: =(F$35*($C$50/100)) -> 20.3993 | G50: =(G$35*($C$50/100)) -> 16.1 | H50: =(H$35*($C$50/100)) -> 26.7033 | I50: =(I$35*($C$50/100)) -> 20.1066
A51: F | B51: SEBRAE | C51: 0.6 | D51: =(D$35*($C$51/100)) -> 13.12554 | E51: =(E$35*($C$51/100)) -> 19.081998 | F51: =(F$35*($C$51/100)) -> 12.23958 | G51: =(G$35*($C$51/100)) -> 9.66 | H51: =(H$35*($C$51/100)) -> 16.02198 | I51: =(I$35*($C$51/100)) -> 12.06396
A52: G | B52: INCRA | C52: 0.2 | D52: =(D$35*($C$52/100)) -> 4.37518 | E52: =(E$35*($C$52/100)) -> 6.360666 | F52: =(F$35*($C$52/100)) -> 4.07986 | G52: =(G$35*($C$52/100)) -> 3.22 | H52: =(H$35*($C$52/100)) -> 5.34066 | I52: =(I$35*($C$52/100)) -> 4.02132
A53: H | B53: FGTS | C53: 8 | D53: =(D$35*($C$53/100)) -> 175.0072 | E53: =(E$35*($C$53/100)) -> 254.42664 | F53: =(F$35*($C$53/100)) -> 163.1944 | G53: =(G$35*($C$53/100)) -> 128.8 | H53: =(H$35*($C$53/100)) -> 213.6264 | I53: =(I$35*($C$53/100)) -> 160.8528
B54: TOTAL | C54: =SUM(C46:C53) -> 39.8 | D54: =SUM(D46:D53) -> 870.66082 | E54: =SUM(E46:E53) -> 1265.7725 | F54: =SUM(F46:F53) -> 811.89214 | G54: =SUM(G46:G53) -> 640.78 | H54: =SUM(H46:H53) -> 1062.7913 | I54: =SUM(I46:I53) -> 800.24268
B55: Itens não aplicáveis a Optantes do SIMPLES
A57: Submódulo 2.3 - Benefícios Mensais e Diários | D57: Cozinheiro | E57: Eletricista | F57: Bombeiro | G57: Ajudante | H57: Tratorista 44 | I57: Encarregado
A58: 2.3 | B58: Benefícios Mensais e Diários | D58: Valor(R$) | E58: Valor(R$) | F58: Valor(R$) | G58: Valor(R$) | H58: Valor(R$) | I58: Valor(R$)
A59: A | B59: Transporte -Cláusula 23ª da CCT - considerando 2 passagens/dia | D59: =(4.45*2*A20)-(6%*D20) -> 54.5766 | E59: =(4.45*2*A21)-(6%*D21) -> 39.0474 | F59: =(4.45*2*A22)-(6%*D22) -> 63.4362 | G59: =(4.45*2*A23)-(6%*D23) -> 89.232 | H59: =(4.45*2*A24)-(6%*D24) -> 62.586 | I59: =(4.45*2*A25)-(6%*D25) -> 65.1924
A60: B | B60: Ticket Alimentação - Cláusula 22ª da CCT | D60: =(23.5*20.88)-(23.5*20.88*10%) -> 441.612 | E60: =(23.5*20.88)-(23.5*20.88*10%) -> 441.612 | F60: =(23.5*20.88)-(23.5*20.88*10%) -> 441.612 | G60: =(23.5*20.88)-(23.5*20.88*10%) -> 441.612 | H60: =(23.5*20.88)-(23.5*20.88*10%) -> 441.612 | I60: =(23.5*20.88)-(23.5*20.88*10%) -> 441.612
A61: C | B61: Benefício Assistencial | D61: 0 | E61: =E55 -> 0 | F61: =F55 -> 0 | G61: =G55 -> 0 | H61: =H55 -> 0 | I61: =I55 -> 0
A62: D | B62: Outros (Social Familiar) - Cláusula 28ª da CCT | D62: 20.15 | E62: 20.15 | F62: 20.15 | G62: 20.15 | H62: 20.15 | I62: 20.15
B63: Total de Benefícios Mensais e Diários | D63: =SUM(D59:D62) -> 516.3386 | E63: =SUM(E59:E62) -> 500.8094 | F63: =SUM(F59:F62) -> 525.1982 | G63: =SUM(G59:G62) -> 550.994 | H63: =SUM(H59:H62) -> 524.348 | I63: =SUM(I59:I62) -> 526.9544
A65: Quadro-Resumo do Módulo 2 - Encargos e Benefícios anuais, mensais e diários | D65: Cozinheiro | E65: Eletricista | F65: Bombeiro | G65: Ajudante | H65: Tratorista 44 | I65: Encarregado
A66: 2 | B66: Encargos e Benefícios Anuais, Mensais e Diários | D66: Valor (R$) | E66: Valor (R$) | F66: Valor (R$) | G66: Valor (R$) | H66: Valor (R$) | I66: Valor (R$)
A67: 2.1 | B67: 13º (décimo terceiro) Salário, Férias e Adicional de Férias | D67: =D41 -> 446.92464 | E67: =E41 -> 649.74203 | F67: =F41 -> 416.7577 | G67: =G41 -> 328.923 | H67: =H41 -> 545.54842 | I67: =I41 -> 410.77784
A68: 2.2 | B68: GPS, FGTS e outras contribuições | D68: =D54+D42 -> 1041.7304 | E68: =E54+E42 -> 1514.4746 | F68: =F54+F42 -> 971.41467 | G68: =G54+G42 -> 766.682 | H68: =H54+H42 -> 1271.6111 | I68: =I54+I42 -> 957.47629
A69: 2.3 | B69: Benefícios Mensais e Diários | D69: =D63 -> 516.3386 | E69: =E63 -> 500.8094 | F69: =F63 -> 525.1982 | G69: =G63 -> 550.994 | H69: =H63 -> 524.348 | I69: =I63 -> 526.9544
B70: Total | D70: =SUM(D67:D69) -> 2004.9936 | E70: =SUM(E67:E69) -> 2665.026 | F70: =SUM(F67:F69) -> 1913.3706 | G70: =SUM(G67:G69) -> 1646.599 | H70: =SUM(H67:H69) -> 2341.5076 | I70: =SUM(I67:I69) -> 1895.2085
A72: MÓDULO 3: PROVISÃO PARA RESCISÃO | D72: Cozinheiro | E72: Eletricista | F72: Bombeiro | G72: Ajudante | H72: Tratorista 44 | I72: Encarregado
A73: 3 | B73: Provisão para Rescisão | D73: Valor(R$) | E73: Valor(R$) | F73: Valor(R$) | G73: Valor(R$) | H73: Valor(R$) | I73: Valor(R$)
A74: A | B74: Aviso prévio indenizado | D74: =((D35+D39+D40)/12)*5% -> 10.977144 | E74: =((E35+E39+E40)/12)*5% -> 15.958646 | F74: =((F35+F39+F40)/12)*5% -> 10.236199 | G74: =((G35+G39+G40)/12)*5% -> 8.0788458 | H74: =((H35+H39+H40)/12)*5% -> 13.399493 | I74: =((I35+I39+I40)/12)*5% -> 10.089324
A75: B | B75: Incidência do FGTS sobre o Aviso Prévio Indenizado | D75: =((D35+D39)/12)*5%*8% -> 0.78993875 | E75: =((E35+E39)/12)*5%*8% -> 1.1484182 | F75: =((F35+F39)/12)*5%*8% -> 0.73661872 | G75: =((G35+G39)/12)*5%*8% -> 0.581371 | H75: =((H35+H39)/12)*5%*8% -> 0.96425616 | I75: =((I35+I39)/12)*5%*8% -> 0.72604933
A76: C | B76: Multa do FGTS e contribuição social sobre o aviso prévio indenizado | D76: 0 | E76: 0 | F76: 0 | G76: 0 | H76: 0 | I76: 0
A77: D | B77: Aviso prévio trabalhado | D77: =(((D35+D61)/30/12)*7) -> 42.536472 | E77: =(((E35+E61)/30/12)*7) -> 61.839808 | F77: =(((F35+F61)/30/12)*7) -> 39.665306 | G77: =(((G35+G61)/30/12)*7) -> 31.305556 | H77: =(((H35+H61)/30/12)*7) -> 51.923083 | I77: =(((I35+I61)/30/12)*7) -> 39.096167
A78: E | B78: Incidência de GPS, FGTS e outras contribuições sobre o aviso prévio trabalhado | D78: =(D35/30/12*7)*8% -> 3.4029178 | E78: =(E35/30/12*7)*8% -> 4.9471847 | F78: =(F35/30/12*7)*8% -> 3.1732244 | G78: =(G35/30/12*7)*8% -> 2.5044444 | H78: =(H35/30/12*7)*8% -> 4.1538467 | I78: =(I35/30/12*7)*8% -> 3.1276933
A79: F | B79: Multa do FGTS e contribuição social sobre o aviso prévio trabalhado | D79: =D35*4% -> 87.5036 | E79: =E35*4% -> 127.21332 | F79: =F35*4% -> 81.5972 | G79: =G35*4% -> 64.4 | H79: =H35*4% -> 106.8132 | I79: =I35*4% -> 80.4264
B80: TOTAL | D80: =SUM(D74:D79) -> 145.21007 | E80: =SUM(E74:E79) -> 211.10738 | F80: =SUM(F74:F79) -> 135.40855 | G80: =SUM(G74:G79) -> 106.87022 | H80: =SUM(H74:H79) -> 177.25388 | I80: =SUM(I74:I79) -> 133.46563
A82: MÓDULO 4: CUSTO DE REPOSIÇÃO DO PROFISSIONAL AUSENTE | D82: Cozinheiro | E82: Eletricista | F82: Bombeiro | G82: Ajudante | H82: Tratorista 44 | I82: Encarregado
A83: 4.1 | B83: Submódulo 4.1. Ausências legais | D83: Valor(R$) | E83: Valor(R$) | F83: Valor(R$) | G83: Valor(R$) | H83: Valor(R$) | I83: Valor(R$)
A84: A | B84: Substituto na cobertura de férias | D84: 0 | E84: 0 | F84: 0 | G84: 0 | H84: 0 | I84: 0
A85: B | B85: Substituto na cobertura de Ausências legais | D85: =(((D35+D70+D80+D88+D109)-(D59-D60-D106-D107))/30*2.96)/12 -> 40.54462 | E85: =(((E35+E70+E80+E88+E109)-(E59-E60-E106-E107))/30*2.96)/12 -> 54.754464 | F85: =(((F35+F70+F80+F88+F109)-(F59-F60-F106-F107))/30*2.96)/12 -> 38.16405 | G85: =(((G35+G70+G80+G88+G109)-(G59-G60-G106-G107))/30*2.96)/12 -> 31.709872 | H85: =(((H35+H70+H80+H88+H109)-(H59-H60-H106-H107))/30*2.96)/12 -> 46.981191 | I85: =(((I35+I70+I80+I88+I109)-(I59-I60-I106-I107))/30*2.96)/12 -> 36.915349
A86: C | B86: Substituto na cobertura de Licença paternidade | D86: =(((D35+D70+D80+D88+D109)-(D59-D60-D106-D107))/30*5*1.5%)/12 -> 1.027313 | E86: =(((E35+E70+E80+E88+E109)-(E59-E60-E106-E107))/30*5*1.5%)/12 -> 1.3873597 | F86: =(((F35+F70+F80+F88+F109)-(F59-F60-F106-F107))/30*5*1.5%)/12 -> 0.96699451 | G86: =(((G35+G70+G80+G88+G109)-(G59-G60-G106-G107))/30*5*1.5%)/12 -> 0.8034596 | H86: =(((H35+H70+H80+H88+H109)-(H59-H60-H106-H107))/30*5*1.5%)/12 -> 1.1904018 | I86: =(((I35+I70+I80+I88+I109)-(I59-I60-I106-I107))/30*5*1.5%)/12 -> 0.93535513
A87: D | B87: Substituto na cobertura de Ausência por Acidente de trabalho | D87: =(((D35+D70+D80+D88+D109)-(D59-D60-D106-D107))/30*15*0.78%)/12 -> 1.6026083 | E87: =(((E35+E70+E80+E88+E109)-(E59-E60-E106-E107))/30*15*0.78%)/12 -> 2.1642812 | F87: =(((F35+F70+F80+F88+F109)-(F59-F60-F106-F107))/30*15*0.78%)/12 -> 1.5085114 | G87: =(((G35+G70+G80+G88+G109)-(G59-G60-G106-G107))/30*15*0.78%)/12 -> 1.253397 | H87: =(((H35+H70+H80+H88+H109)-(H59-H60-H106-H107))/30*15*0.78%)/12 -> 1.8570268 | I87: =(((I35+I70+I80+I88+I109)-(I59-I60-I106-I107))/30*15*0.78%)/12 -> 1.459154
A88: E | B88: Substituto na cobertura de Afastamento Maternidade | D88: =(((D40*3.95/12)+(D61*3.95*1.02%))/12+((D35+D39)*39.8%*3.95)*1.02%/12) -> 10.427574 | E88: =(((E40*3.95/12)+(E61*3.95*1.02%))/12+((E35+E39)*39.8%*3.95)*1.02%/12) -> 15.159677 | F88: =(((F40*3.95/12)+(F61*3.95*1.02%))/12+((F35+F39)*39.8%*3.95)*1.02%/12) -> 9.7237236 | G88: =(((G40*3.95/12)+(G61*3.95*1.02%))/12+((G35+G39)*39.8%*3.95)*1.02%/12) -> 7.6743786 | H88: =(((H40*3.95/12)+(H61*3.95*1.02%))/12+((H35+H39)*39.8%*3.95)*1.02%/12) -> 12.728648 | I88: =(((I40*3.95/12)+(I61*3.95*1.02%))/12+((I35+I39)*39.8%*3.95)*1.02%/12) -> 9.5842025
A89: F | B89: Substituto na cobertura de outras ausências (especificar) | D89: 0 | E89: 0 | F89: 0 | G89: 0 | H89: 0 | I89: 0
B90: TOTAL | D90: =SUM(D84:D89) -> 53.602115 | E90: =SUM(E84:E89) -> 73.465781 | F90: =SUM(F84:F89) -> 50.363279 | G90: =SUM(G84:G89) -> 41.441107 | H90: =SUM(H84:H89) -> 62.757267 | I90: =SUM(I84:I89) -> 48.894061
A92: Submódulo 4.2 - Intrajornada | D92: Cozinheiro | E92: Eletricista | F92: Bombeiro | G92: Ajudante | H92: Tratorista 44 | I92: Encarregado
A93: 4.2 | B93: Intrajornada | D93: Valor(R$) | E93: Valor(R$) | F93: Valor(R$) | G93: Valor(R$) | H93: Valor(R$) | I93: Valor(R$)
A94: A | B94: Intervalo para repouso ou alimentação | D94: 0 | E94: 0 | F94: 0 | G94: 0 | H94: 0 | I94: 0
B95: TOTAL | D95: 0 | E95: 0 | F95: 0 | G95: 0 | H95: 0 | I95: 0
A97: Quadro-Resumo do Módulo 4 - Custo de Reposição do Profissional Ausente | D97: Cozinheiro | E97: Eletricista | F97: Bombeiro | G97: Ajudante | H97: Tratorista 44 | I97: Encarregado
A98: 4 | B98: Custo de reposição | D98: Valor (R$) | E98: Valor (R$) | F98: Valor (R$) | G98: Valor (R$) | H98: Valor (R$) | I98: Valor (R$)
A99: 4.1 | B99: Ausências legais | D99: =D90 -> 53.602115 | E99: =E90 -> 73.465781 | F99: =F90 -> 50.363279 | G99: =G90 -> 41.441107 | H99: =H90 -> 62.757267 | I99: =I90 -> 48.894061
A100: 4.2 | B100: Intrajornada | D100: 0 | E100: 0 | F100: 0 | G100: 0 | H100: 0 | I100: 0
B101: Total | D101: =SUM(D99:D100) -> 53.602115 | E101: =SUM(E99:E100) -> 73.465781 | F101: =SUM(F99:F100) -> 50.363279 | G101: =SUM(G99:G100) -> 41.441107 | H101: =SUM(H99:H100) -> 62.757267 | I101: =SUM(I99:I100) -> 48.894061
A103: MÓDULO 5: INSUMOS DIVERSOS | D103: Cozinheiro | E103: Eletricista | F103: Bombeiro | G103: Ajudante | H103: Tratorista 44 | I103: Encarregado
A104: 5 | B104: Insumos Diversos | D104: Valor(R$) | E104: Valor(R$) | F104: Valor(R$) | G104: Valor(R$) | H104: Valor(R$) | I104: Valor(R$)
A105: A | B105: Uniformes E EPIS | D105: ='Anexo III-B Uniformes'!H21 -> 171.2625 | E105: ='Anexo III-B Uniformes'!H60 -> 164.965 | F105: ='Anexo III-B Uniformes'!H60 -> 164.965 | G105: ='Anexo III-B Uniformes'!H40 -> 133.0825 | H105: ='Anexo III-B Uniformes'!H40 -> 133.0825 | I105: ='Anexo III-B Uniformes'!H87 -> 64.366667
A106: B | B106: Materiais
A107: C | B107: Equipamentos | D107: ='Anexo III-A Equip.'!F24 -> 12.291667 | E107: ='Anexo III-A Equip.'!F33 -> 10.0855
A108: D | B108: Outros
B109: Total de Insumos Diversos | D109: =SUM(D105:D108) -> 183.55417 | E109: =SUM(E105:E108) -> 175.0505 | F109: =SUM(F105:F108) -> 164.965 | G109: =SUM(G105:G108) -> 133.0825 | H109: =SUM(H105:H108) -> 133.0825 | I109: =SUM(I105:I108) -> 64.366667
A111: MÓDULO 6: CUSTOS INDIRETOS, TRIBUTOS E LUCRO – (LUCRO PRESUMIDO) | D111: Cozinheiro | E111: Eletricista | F111: Bombeiro | G111: Ajudante | H111: Tratorista 44 | I111: Encarregado
A112: 6 | B112: Custos Indiretos, Tributos e Lucro | C112: % | D112: Valor(R$) | E112: Valor(R$) | F112: Valor(R$) | G112: Valor(R$) | H112: Valor(R$) | I112: Valor(R$)
A113: A | B113: Custos Indiretos | C113: 4.8 | D113: =(D130)*$C$113/100 -> 219.5976 | E113: =(E130)*$C$113/100 -> 302.63917 | F113: =(F130)*$C$113/100 -> 206.59379 | G113: =(G130)*$C$113/100 -> 169.82366 | H113: =(H130)*$C$113/100 -> 258.4767 | I113: =(I130)*$C$113/100 -> 199.32455
A114: B | B114: Lucro | C114: 3.92 | D114: =(D130+D113)*$C$114/100 -> 187.94626 | E114: =(E130+E113)*$C$114/100 -> 259.01878 | F114: =(F130+F113)*$C$114/100 -> 176.81674 | G114: =(G130+G113)*$C$114/100 -> 145.34641 | H114: =(H130+H113)*$C$114/100 -> 221.22159 | I114: =(I130+I113)*$C$114/100 -> 170.59524
A115: C | B115: Tributos
...

Sheet Anexo IV C - Custo MDO
A1: (PLANILHA A SER FORNECIDA PELA PROPONENTE EM PAPEL TIMBRADO)
A2: EMPRESA (nome da empresa)
A3: CNPJ N.º : (n.º do CNPJ)
A4: ANEXO IV- C
A5: PLANILHA DE COMPOSIÇÃO DE CUSTOS E FORMAÇÃO DE PREÇOS (Anexo VII da I.N. da SLTI/MPOG n.º 5 de 26/Maio/2017
A6: ITEM 1 - Contratação de empresa para prestação de serviços continuados de Apoio Operacional, com regime de dedicação exclusiva de mão de obra, com fornecimento de materiais de reposição e atendimento da Fazenda Escola de Cachoeira de Macacu, da Universidade Federal Fluminense
A7: Processo 23069.153532/2025-16
A9: Custo total da contratação
A10: ITEM | B10: DISCRIMINAÇÃO DO POSTO | C10: POSTOS | D10: FUNCIONÁRIOS | E10: VALOR MENSAL POR POSTO | F10: TOTAL MENSAL | G10: TOTAL ANUAL | H10: TOTAL 24 MÊS
A11: 1 | B11: Auxiliar de Agropecuária - 12 x 36 horas Diurno | C11: ='Anexo II-A Dist. Postos'!D9 -> 8 | D11: =2*C11 -> 16 | E11: ='An IV A Custo G1'!D158 -> 11200.09 | F11: =E11*C11 -> 89600.722 | G11: =12*F11 -> 1075208.7 | H11: =24*F11 -> 2150417.3
A12: 2 | B12: Auxiliar de agropecuária - 44 horas semanais | C12: ='Anexo II-A Dist. Postos'!D10 -> 8 | D12: =1*C12 -> 8 | E12: ='An IV A Custo G1'!E157 -> 6047.0152 | F12: =E12*C12 -> 48376.121 | G12: =12*F12 -> 580513.46 | H12: =24*F12 -> 1161026.9
A13: 3 | B13: Pedreiro - 44 horas semanais | C13: ='Anexo II-A Dist. Postos'!D12 -> 3 | D13: =1*C13 -> 3 | E13: ='An IV A Custo G1'!F157 -> 5842.8163 | F13: =E13*C13 -> 17528.449 | G13: =12*F13 -> 210341.39 | H13: =24*F13 -> 420682.77
A14: 4 | B14: Tratorista - 12 x 36 horas Diurno | C14: ='Anexo II-A Dist. Postos'!D13 -> 1 | D14: =2*C14 -> 2 | E14: ='An IV A Custo G1'!G158 -> 13550.253 | F14: =E14*C14 -> 13550.253 | G14: =12*F14 -> 162603.04 | H14: =24*F14 -> 325206.08
A15: 5 | B15: Aux. Serviços Gerais - Limpeza 44 horas | C15: ='Anexo II-A Dist. Postos'!D11 -> 3 | D15: =1*C15 -> 3 | E15: 5711.05 | F15: =E15*C15 -> 17133.15 | G15: =12*F15 -> 205597.8 | H15: =24*F15 -> 411195.6
A16: 6 | B16: Cozinheiro - 44 horas semanais | C16: ='Anexo II-A Dist. Postos'!D14 -> 2 | D16: =1*C16 -> 2 | E16: ='An IV B Custo G2'!D157 -> 5810.4884 | F16: =E16*C16 -> 11620.977 | G16: =12*F16 -> 139451.72 | H16: =24*F16 -> 278903.44
A17: 7 | B17: Eletricista - 44 horas semanais | C17: ='Anexo II-A Dist. Postos'!D15 -> 2 | D17: =1*C17 -> 2 | E17: ='An IV B Custo G2'!E157 -> 8007.7442 | F17: =E17*C17 -> 16015.488 | G17: =12*F17 -> 192185.86 | H17: =24*F17 -> 384371.72
A18: 8 | B18: Bombeiro Hidráulico 44 horas semanais | C18: ='Anexo II-A Dist. Postos'!D16 -> 1 | D18: =1*C18 -> 1 | E18: ='An IV B Custo G2'!F157 -> 5466.4116 | F18: =E18*C18 -> 5466.4116 | G18: =12*F18 -> 65596.939 | H18: =24*F18 -> 131193.88
A19: 9 | B19: Ajudante (Servente) | C19: ='Anexo II-A Dist. Postos'!D17 -> 1 | D19: =1*C19 -> 1 | E19: ='An IV B Custo G2'!G157 -> 4493.4844 | F19: =E19*C19 -> 4493.4844 | G19: =12*F19 -> 53921.813 | H19: =24*F19 -> 107843.63
A20: 10 | B20: Tratorista 44 horas | C20: 1 | D20: =1*C20 -> 1 | E20: ='An IV B Custo G2'!H157 -> 6839.2181 | F20: =E20*C20 -> 6839.2181 | G20: =12*F20 -> 82070.617 | H20: =24*F20 -> 164141.23
A21: 11 | B21: Encarregado 44 horas | C21: 1 | D21: 1 | E21: ='An IV B Custo G2'!I157 -> 5274.0696 | F21: =E21*C21 -> 5274.0696 | G21: =12*F21 -> 63288.835 | H21: =24*F21 -> 126577.67
A22: TOTAL | C22: =SUM(C11:C21) -> 31 | D22: =SUM(D11:D21) -> 40 | F22: =SUM(F11:F21) -> 235898.34 | G22: =12*F22 -> 2830780.1 | H22: =SUM(H11:H21) -> 5661560.3

Sheet Anexo IV D - Vetores
A1: (PLANILHA A SER FORNECIDA PELA PROPONENTE EM PAPEL TIMBRADO)
A2: EMPRESA (nome da empresa)
A3: CNPJ N.º : (n.º do CNPJ)
A4: ANEXO IV- D
A5: PLANILHA DE COMPOSIÇÃO DE CUSTOS E FORMAÇÃO DE PREÇOS (Anexo VII da I.N. da SLTI/MPOG n.º 5 de 26/Maio/2017
A6: ITEM 1 - Contratação de empresa para prestação de serviços continuados de Apoio Operacional, com regime de dedicação exclusiva de mão de obra, com fornecimento de materiais de reposição e atendimento da Fazenda Escola de Cachoeira de Macacu, da Universidade Federal Fluminense
A7: Processo 23069.153532/2025-16
A9: CONTROLE DE VETORES
A11: ITEM | B11: DESCRIÇÃO | C11: UND | D11: QTDADE ESTIMADA (M2) | E11: VALOR UNITÁRIO | F11: VALOR TOTAL POR APLICAÇÃO (R$X M2) | G11: VALOR TOTAL (Quatro aplicações por 24 meses, se for o caso)
A12: 1 | B12: Controle sanitário integrado contra insetos (desinsetização) - BARATAS, TRAÇAS, E MOSQUITOS e as suas larvas/filhotes nas fontes, caixas de esgotos e galerias e nas edificações (áreas internas e áreas externas). Combate a ESCORPIÕES e RATOS (desratização) - pulverização geral, incluindo móveis, rodapés, ralos, WC’s, copas, tubulações de esgoto, e estacionamento. IMPORTANTE: OS SERVIÇOS SERÃO EXECUTADOS CONFORME CRONOGRAMA E AUTORIZAÇÃO DA FISCALIZAÇÃO. | C12: m2 | D12: =1250 -> 1250 | E12: 0.72 | F12: =E12*D12 -> 900 | G12: =F12*4 -> 3600
A13: 2 | B13: Remoção de abelhas ou vespas. Serviços de execução de captura e remoção de colmeias de abelhas, vespas, marimbondos. A empresa contratada fica responsável pela transferência/translado e realocação para outro local apropriado. IMPORTANTE: OS SERVIÇOS SERÃO EXECUTADOS CONFORME CRONOGRAMA E AUTORIZAÇÃO DA FISCALIZAÇÃO. | C13: Serviço | D13: 15 | E13: 213.97 | F13: =E13*D13 -> 3209.55 | G13: =F13 -> 3209.55
A14: VALOR TOTAL | G14: =SUM(G12:G13) -> 6809.55

Sheet Anexo IV E - Res. Água
A1: (PLANILHA A SER FORNECIDA PELA PROPONENTE EM PAPEL TIMBRADO)
A2: EMPRESA (nome da empresa)
A3: CNPJ N.º : (n.º do CNPJ)
A4: ANEXO IV- E
A5: PLANILHA DE COMPOSIÇÃO DE CUSTOS E FORMAÇÃO DE PREÇOS (Anexo VII da I.N. da SLTI/MPOG n.º 5 de 26/Maio/2017
A6: ITEM 1 - Contratação de empresa para prestação de serviços continuados de Apoio Operacional, com regime de dedicação exclusiva de mão de obra, com fornecimento de materiais de reposição e atendimento da Fazenda Escola de Cachoeira de Macacu, da Universidade Federal Fluminense
A7: Processo 23069.153532/2025-16
A9: LIMPEZA DE RESERVATÓRIOS DE ÁGUA
A11: Item | B11: Prédio | C11: Caixa dágua
C12: QTDADE | D12: LITROS | E12: M3 | F12: Valor Unitário por aplicação m3 | G12: Valor por reservatório | H12: Total estimado 4 vezes por 24 meses
A13: 1 | B13: Fazenda Escola Cachoeira de Macacu | C13: 1 | D13: 500 | E13: 0.5 | F13: 91.33 | G13: =F13*E13 -> 45.665 | H13: =4*G13 -> 182.66
C14: 6 | D14: 1000 | E14: 1 | F14: 91.33 | G14: =F14*E14 -> 91.33 | H14: =4*G14 -> 365.32
C15: 1 | D15: 2000 | E15: 2 | F15: 91.33 | G15: =F15*E15 -> 182.66 | H15: =4*G15 -> 730.64
C16: 1 | D16: 5000 | E16: 5 | F16: 91.33 | G16: =F16*E16 -> 456.65 | H16: =4*G16 -> 1826.6
C17: 4 | D17: 10000 | E17: 10 | F17: 91.33 | G17: =F17*E17 -> 913.3 | H17: =4*G17 -> 3653.2
C18: 1 | D18: 15000 | E18: 15 | F18: 91.33 | G18: =F18*E18 -> 1369.95 | H18: =4*G18 -> 5479.8
A19: TOTAL | C19: 14 | D19: =SUM(D13:D18) -> 33500 | E19: 33.5 | F19: 91.33 | G19: =F19*E19 -> 3059.555 | H19: =4*G19 -> 12238.22

Sheet Anexo IV F - Man Ar Condicionad
A1: (PLANILHA A SER FORNECIDA PELA PROPONENTE EM PAPEL TIMBRADO)
A2: EMPRESA (nome da empresa)
A3: CNPJ N.º : (n.º do CNPJ)
A4: ANEXO IV- F
A5: PLANILHA DE COMPOSIÇÃO DE CUSTOS E FORMAÇÃO DE PREÇOS (Anexo VII da I.N. da SLTI/MPOG n.º 5 de 26/Maio/2017
A6: ITEM 1 - Contratação de empresa para prestação de serviços continuados de Apoio Operacional, com regime de dedicação exclusiva de mão de obra, com fornecimento de materiais de reposição e atendimento da Fazenda Escola de Cachoeira de Macacu, da Universidade Federal Fluminense
A7: Processo 23069.153532/2025-16
A9: MANUTENÇÃO EM APARELHOS DE AR CONDICIONADO
A11: ITEM | B11: DESCRIÇÃO | C11: UND | D11: QTDADE ESTIMADA DE APARELHOS | E11: VALOR UNITÁRIO POR VISITA/MANUENÇÃO (R$X UNID) | F11: VALOR TOTAL (Doze visitas por 24 meses, se for o caso)
A12: 1 | B12: Manutenção Preventiva e Corretiva, em aparelhos de ar condicionado de Janela, com 12 mil Btus, com reposição de peças necessárias ao perfeito funcionamento. | C12: unid | D12: 9 | E12: 128.27 | F12: =E12*12 -> 1539.24
A13: 2 | B13: Manutenção Preventiva e Corretiva, em aparelhos de ar condicionado de Janela, com 18 mil Btus, com reposição de peças necessárias ao perfeito funcionamento. | C13: unid | D13: 13 | E13: 184.11 | F13: =E13*12 -> 2209.32
A14: 3 | B14: Manutenção Preventiva e Corretiva, em aparelhos de ar condicionado de Janela, com 19 mil Btus, com reposição de peças necessárias ao perfeito funcionamento. | C14: unid | D14: 2 | E14: 247.22 | F14: =E14*12 -> 2966.64
A15: 4 | B15: Manutenção Preventiva e Corretiva, em aparelhos de ar condicionado de Janela, com 30 mil Btus, com reposição de peças necessárias ao perfeito funcionamento. | C15: unid | D15: 2 | E15: 310.05 | F15: =E15*12 -> 3720.6
A16: 5 | B16: Manutenção Preventiva e Corretiva, em aparelhos de ar condicionado Split, com 60 mil Btus, com reposição de peças necessárias ao perfeito funcionamento. | C16: unid | D16: 1 | E16: 360.53 | F16: =E16*12 -> 4326.36
A17: 6 | B17: Manutenção Preventiva e Corretiva, em aparelhos de ar condicionado Split, com 55 mil Btus, com reposição de peças necessárias ao perfeito funcionamento. | C17: unid | D17: 1 | E17: 360.53 | F17: =E17*12 -> 4326.36
A18: 7 | B18: Manutenção Preventiva e Corretiva, em aparelhos de ar condicionado Split, com 12 mil Btus, com reposição de peças necessárias ao perfeito funcionamento. | C18: unid | D18: 3 | E18: 249.32 | F18: =E18*12 -> 2991.84
A19: VALOR TOTAL | F19: =SUM(F12:F18) -> 22080.36

Sheet Anexo IV G - Ins Ar Cond.
A1: (PLANILHA A SER FORNECIDA PELA PROPONENTE EM PAPEL TIMBRADO)
A2: EMPRESA (nome da empresa)
A3: CNPJ N.º : (n.º do CNPJ)
A4: ANEXO IV- G
A5: PLANILHA DE COMPOSIÇÃO DE CUSTOS E FORMAÇÃO DE PREÇOS (Anexo VII da I.N. da SLTI/MPOG n.º 5 de 26/Maio/2017
A6: ITEM 1 - Contratação de empresa para prestação de serviços continuados de Apoio Operacional, com regime de dedicação exclusiva de mão de obra, com fornecimento de materiais de reposição e atendimento da Fazenda Escola de Cachoeira de Macacu, da Universidade Federal Fluminense
A7: Processo 23069.153532/2025-16
A9: INSTALAÇÃO DE APARELHOS DE AR CONDICIONADO
A11: ITEM | B11: DESCRIÇÃO | C11: UND | D11: QTDADE ESTIMADA DE APARELHOS | E11: VALOR UNITÁRIO | F11: VALOR TOTAL
A12: 1 | B12: Instalação de aparelho, com capacidade de 7500 BTUs a 17.999 BTUS, incluindo o material de instalação até a distância de 3 m de linha, mão-de-obra necessária, além de todos os materiais e componentes para a completa fixação e funcionamento do equipamento, inclusive sua conexão ao ponto de energia disponível para sua instalação. As áreas afetadas pela instalação deverão ser reparadas adequadamente para a entrega dos serviços. | C12: unid | D12: 10 | E12: 345.34 | F12: =E12*D12 -> 3453.4
A13: 2 | B13: Instalação de aparelho, com capacidade de 18000 BTUs à 29.999 Btus, incluindo o material de instalação até a distância de 3 m de linha, mão-de-obra necessária, além de todos os materiais e componentes para a completa fixação e funcionamento do equipamento, inclusive sua conexão ao ponto de energia disponível para sua instalação. As áreas afetadas pela instalação deverão ser reparadas adequadamente para a entrega dos serviços. | C13: unid | D13: 10 | E13: 804.33 | F13: =E13*D13 -> 8043.3
A14: 3 | B14: Instalação de aparelho, com capacidade de 30000 BTU a 47.999 Btus, incluindo o material de instalação até a distância de 3 m de linha, mão-de-obra necessária, além de todos os materiais e componentes para a completa fixação e funcionamento do equipamento, inclusive sua conexão ao ponto de energia disponível para sua instalação. As áreas afetadas pela instalação deverão ser reparadas adequadamente para a entrega dos serviços. | C14: unid | D14: 10 | E14: 899 | F14: =E14*D14 -> 8990
A15: 4 | B15: Instalação de aparelho, com capacidade de 48000 BTU a 60000 Btus, incluindo o material de instalação até a distância de 3 m de linha, mão-de-obra necessária, além de todos os materiais e componentes para a completa fixação e funcionamento do equipamento, inclusive sua conexão ao ponto de energia disponível para sua instalação. As áreas afetadas pela instalação deverão ser reparadas adequadamente para a entrega dos serviços. | C15: mt | D15: 10 | E15: 994.33 | F15: =E15*D15 -> 9943.3
A16: 5 | B16: Instalação incluindo isolamento e fixação de dutos de cobre 1/2", medida pela quantidade superior aos 3 m da franquia inicial | C16: mt | D16: 100 | E16: 68.67 | F16: =E16*D16 -> 6867
A17: 6 | B17: Instalação incluindo isolamento e fixação de dutos de cobre 5/8", medida pela quantidade superior aos 3 m da franquia inicial | C17: mt | D17: 100 | E17: 73.5 | F17: =E17*D17 -> 7350
A18: 7 | B18: Instalação incluindo isolamento e fixação de dutos de cobre 3/4", medida pela quantidade superior aos 3 m da franquia inicial | C18: mt | D18: 100 | E18: 49 | F18: =E18*D18 -> 4900
A19: 8 | B19: Instalação incluindo isolamento e fixação de dutos de cobre 7/8", medida pela quantidade superior aos 3 m da franquia inicial | C19: mt | D19: 100 | E19: 91 | F19: =E19*D19 -> 9100
A20: 9 | B20: Instalação e fixação de tubulação aparente em eletroduto de PVC rígido de ¾ “, incluindo caixas de derivação medida pela quantidade superior aos 3 m da franquia inicial | C20: mt | D20: 100 | E20: 49 | F20: =E20*D20 -> 4900
A21: 10 | B21: Instalação e fixação de tubulação aparente em eletroduto de PVC rígido de 1”, incluindo caixas de derivação medida pela quantidade superior aos 3 m da franquia inicial | C21: mt | D21: 100 | E21: 96.67 | F21: =E21*D21 -> 9667
A22: 11 | B22: Instalação e fixação de tubulação aparente em eletroduto de PVC rígido de 1 ½ ”, incluindo caixas de derivação medida pela quantidade superior aos 3 m da franquia inicial | C22: mt | D22: 100 | E22: 123.67 | F22: =E22*D22 -> 12367
A23: VALOR TOTAL | F23: =SUM(F12:F22) -> 85581

Sheet Anexo IV H - Custo Total
A1: (PLANILHA A SER FORNECIDA PELA PROPONENTE EM PAPEL TIMBRADO)
A2: EMPRESA (nome da empresa)
A3: CNPJ N.º : (n.º do CNPJ)
A4: ANEXO IV- C
A5: PLANILHA DE COMPOSIÇÃO DE CUSTOS E FORMAÇÃO DE PREÇOS (Anexo VII da I.N. da SLTI/MPOG n.º 5 de 26/Maio/2017
A6: ITEM 1 - Contratação de empresa para prestação de serviços continuados de Apoio Operacional, com regime de dedicação exclusiva de mão de obra, com fornecimento de materiais de reposição e atendimento da Fazenda Escola de Cachoeira de Macacu, da Universidade Federal Fluminense
A7: Processo 23069.153532/2025-16
A9: Custo total da contratação incluindo serviços eventuais
A10: ITEM | B10: Serviço | C10: VALOR MENSAL POR POSTO | D10: TOTAL 24 MÊS
A11: 1 | B11: Mão de obra dedicada | C11: ='Anexo IV C - Custo MDO'!F22 -> 235898.34 | D11: =24*C11 -> 5661560.3
A12: 2 | B12: Controle de Vetores | D12: ='Anexo IV D - Vetores'!G14 -> 6809.55
A13: 3 | B13: Limpeza de Reservatórios de Água | D13: ='Anexo IV E - Res. Água'!H19 -> 12238.22
A14: 4 | B14: Manutenção de Aparelhos de Ar Condicionado | D14: ='Anexo IV F - Man Ar Condicionad'!F19 -> 22080.36
A15: 5 | B15: Instalação de Aparelhos de Ar condicionado | D15: ='Anexo IV G - Ins Ar Cond.'!F23 -> 85581
A16: TOTAL | D16: =SUM(D11:D15) -> 5788269.4
A17: TOTAL a ser Inserido no Comprasnet = Valor total / 24 | C17: =D17/24 -> 246457.44 | D17: =SUM(D12:D16) -> 5914978.5
